 Dungeon Crawl Stone Soup version 0.31-a0-152-g6aa68a64a1 (webtiles) character file.

Game seed: 8089918934004574068

369456 qw the Impregnable (level 22, -16/149 HPs)
             Began as a Gargoyle Fighter on June 10, 2023.
             Was an Elder of Okawaru.
             Killed from afar by an ancient lich (50 damage)
             ... with a bolt of acid
             ... on level 2 of the Depths.
             The game lasted 00:30:32 (42122 turns).

qw the Impregnable (Gargoyle Fighter)              Turns: 42122, Time: 00:30:33

Health: -16/149    AC: 51    Str: 42      XL:     22   Next: 63%
Magic:  28/29      EV: 12    Int:  6      God:    Okawaru [****..]
Gold:   2377       SH: 33    Dex: 10 (11) Spells: 21/21 levels left

rFire   + + +        i - +9 broad axe (drain)
rCold   + . .        y - +10 tower shield of Ignorance {rN+ Int-4}
rNeg    + + +        h - +1 crystal plate armour "Latywicy" {rF+}
rPois   inf          G - +2 helmet
rElec   +            t - scarf {rC+ rF+}
rCorr   .            m - +2 pair of gloves {Str+3}
SInv    +            b - +0 pair of boots of Illoucut {Regen+ Str+3 Dex+2 Slay+3}
Will    ++++.        D - amulet of the Four Winds {rN+ Will+++ Clar} Stlth
                     q - ring "Teziost" {rPois rF+ Str+6}
HPRegen 1.24/turn    L - ring of see invisible
MPRegen 0.21/turn

%: clarity
@: about to teleport, heroic, corroded, flying
A: sickness immunity, AC +16, big wings, negative energy resistance 1,
electricity resistance, torment resistance 1, petrification resistance,
deterioration 1, wild magic 1
}: 2/15 runes: serpentine, barnacled
a: Renounce Religion, Heroism, Finesse


You were on level 2 of the Depths.
You worshipped Okawaru.
Okawaru was greatly pleased with you.
You visited 8 branches of the dungeon, and saw 37 of its levels.
You visited 1 bazaar.
You also visited: Ossuary and Gauntlet.

You collected 5511 gold pieces.
You spent 3134 gold pieces at shops.


Innate Abilities, Weirdness & Mutations

You are immune to sickness and miasma.
Your stone body is resilient. (AC +16)
You are immune to poison.
Your large and strong wings let you fly.
You resist negative energy. (rN+)
You are resistant to electric shocks. (rElec)
You are resistant to unholy torment.
You are immune to petrification.
Your body sometimes deteriorates upon taking damage.
Your spells are a little harder to cast, but a little more powerful.


   Skills:
 - Level 19.0(24.0) Fighting
 - Level 18.0(23.0) Axes
 - Level 11.0(16.0) Throwing
 + Level 21.7(26.7) Armour
 - Level 6.0(11.0) Dodging
 - Level 20.2(25.2) Shields
 - Level 10.0 Invocations


You had 21 spell levels left.
You didn't know any spells.
Your spell library was empty.

Inventory:

Hand Weapons
 i - a +9 broad axe of draining (weapon)
Missiles
 f - 6 javelins (quivered)
 j - 5 silver boomerangs
 u - 37 boomerangs
Armour
 b - the +0 pair of boots of Illoucut (worn) {Regen+ Str+3 Dex+2 Slay+3}
   (You found it on level 4 of the Shoals)

   Str:       It affects your strength (+3).
   Dex:       It affects your dexterity (+2).
   Slay:      It affects your accuracy & damage with ranged weapons and melee
   (+3).
   Regen:     It increases your rate of health regeneration.
 e - a +0 helmet of fire resistance
 h - the +1 crystal plate armour "Latywicy" (worn) {rF+}
   (You acquired it on level 2 of the Vaults)

   rF:        It protects you from fire.
 l - a +0 cloak
 m - a +2 pair of gloves of strength (worn)
 t - a scarf of resistance (worn)
 v - a scarf of shadows
 y - the +10 tower shield of Ignorance (worn) {rN+ Int-4}
   (You bought it in a shop on level 1 of the Snake Pit)

   Int:       It affects your intelligence (-4).
   rN:        It protects you from negative energy.
 B - +0 ice dragon scales
 G - a +2 helmet (worn)
 J - the +0 scale mail "Amikumou" {Regen+ rCorr Int+2 Dex+3}
   (You found it on level 13 of the Dungeon)

   Int:       It affects your intelligence (+2).
   Dex:       It affects your dexterity (+3).
   Regen:     It increases your rate of health regeneration.
   rCorr:     It protects you from acid and corrosion.
 N - the +3 hat of Pondering {ponderous, Will+ MP+10 Int+5}
   (You found it on level 1 of the Snake Pit)

   Int:       It affects your intelligence (+5).
   MP:        It affects your magic capacity (+10).
   Will:      It increases your willpower.
Jewellery
 n - a ring of protection from fire
 q - the ring "Teziost" (left hand) {rPois rF+ Str+6}
   (You acquired it on level 1 of the Vaults)

   [ring of strength]

   Str:       It affects your strength (+6).
   rF:        It protects you from fire.
   rPois:     It protects you from poison.
 r - a ring of ice
 x - the amulet of the Magpie {Acrobat rPois rC- Regen+ SInv}
   (You took it off a rakshasa on level 2 of the Depths)

   [amulet of the acrobat]

   It increases your evasion while moving and waiting.
   rC:        It makes you vulnerable to cold.
   rPois:     It protects you from poison.
   SInv:      It lets you see invisible.
   Regen:     It increases your rate of health regeneration.
 C - a ring of ice
 D - the amulet of the Four Winds (around neck) {rN+ Will+++ Clar}
   (You found it in a Gauntlet)

   [amulet of nothing]

   rN:        It protects you from negative energy.
   Clar:      It protects you from confusion, rage, mesmerisation and fear.
   Will:      It greatly increases your willpower.
 F - an amulet of reflection
 H - a ring "Ugeem" {rElec rC++ rCorr MP-9 Stlth-}
   (You found it on level 2 of the Depths)

   [ring of resist corrosion]

   rC:        It greatly protects you from cold.
   rElec:     It insulates you from electricity.
   MP:        It affects your magic capacity (-9).
   rCorr:     It protects you from acid and corrosion.
   Stlth:     It makes you less stealthy.
 L - a ring of see invisible (right hand)
 Y - a +4 ring of protection
Wands
 c - a wand of digging (2)
Scrolls
 a - 11 scrolls of identify
 w - 8 scrolls of teleportation
 E - 3 scrolls of enchant weapon
Potions
 d - 3 potions of might
 g - 5 potions of attraction
 k - 11 potions of haste
 o - 10 potions of curing
 p - 8 potions of lignification
 s - 2 potions of cancellation
 z - 5 potions of magic
 A - 4 potions of resistance
 M - 6 potions of mutation
 P - 2 potions of heal wounds

Dungeon Overview and Level Annotations

Branches:
Dungeon (15/15)            Temple (1/1) D:7            Lair (5/5) D:11
 Shoals (4/4) Lair:2        Snake (4/4) Lair:3        Slime (0/5) Lair:4
    Orc (2/2) D:12            Elf (0/3) Orc:2        Vaults (4/5) D:13
  Crypt (0/3) Vaults:3     Depths (2/4) D:15        Ossuary (visited)
Gauntlet (visited)

Altars:
Ashenzari
Cheibriados
Dithmenos
Elyvilon
Fedhas
Gozag
Hepliaklqana
Kikubaaqudgha
Makhleb
Nemelex Xobeh
Okawaru
Qazlal
Ru
Sif Muna
Trog
Uskayaw
Vehumet
Wu Jian
Xom
Yredelemnul
Zin
The Shining One
Jiyva

Shops:
D:4 [(   D:7 :   D:14 =[?=   Orc:2 *:?   Snake:1 *   Vaults:3 (   Vaults:4 *
Depths:1 **

Portals:
Hell: Depths:1 Depths:2
Abyss: Depths:2
Pandemonium: Depths:2
Ziggurat: Depths:1

Annotations:
D:5 1 runed translucent door, Crazy Yiuf
Lair:3 3 runed translucent doors, qw's ghost, journeyman MiHu
Shoals:4 3 runed translucent doors, Kehicw's ghost, adept HOBr


Message History

Enter note:
Enter note:
Enter note:
Enter note:
Enter note:
Enter note:
Enter note: The ancient lich closely misses you.
Enter note:
Enter note:
Enter note:
Enter note:
Enter note:
Enter note:
Enter note:
Enter note:
Enter note:
Enter note:
Enter note:
Enter note:
Enter note:
Enter note:
Enter note:
Enter note:
Enter note:
Enter note: You closely miss the ancient lich.
The ancient lich touches you.
You slice the ancient lich!!
The ancient lich is lightly damaged.
You hit the ancient lich.
The ancient lich is lightly damaged.
The ancient lich gestures at you while chanting.
The bolt of acid hits you!!!
42122 ||| READING 9 scrolls of teleportation.
As you read the scroll of teleportation, it crumbles to dust.
You feel strangely unstable.
The ancient lich points at you and mumbles some strange words.
The bolt of acid hits you!!!
You die...

..###...###...##.###.###.##......
##.#.###.....## #.. #...#.##...#.
...##.......##..#..###..#..##.#..
...##......## ..# #...#.#...##...
#..##.##..##.# #.##...##.###.##.#
#####....## #.. #.......#...#.##.
#...## #..##.......##..#..## #
#..## #.............#.#...# ##
#.## #.#..@./(.)....##.#### .#
#.[## #..L.....)......#...# ##
#...## #..##........#......#
#....## #.. #...........#..#)
#..##.##.# .##........#..#.)
#......## .#.#...#.......(..
#.....#.## ..##.......#....
##...#...## .. ...#..#.....
#........## #.###..#......


You could see an ancient lich (invisible).

Vanquished Creatures
  An ancient lich (Depths:2)
  Mara (Shoals:4)
  Vashnia (Snake:2)
  Xtahua (Vaults:3)
  Saint Roka (Depths:1)
  A caustic shrike (Depths:2)
  A golden dragon (Depths:2)
  A lich (Vaults:2)
  Mlioglotl (Shoals:2)
  Jorgrun (D:13)
  3 tentacled monstrosities (Depths:2)
  2 krakens
  7 sphinxes
  A storm dragon (Vaults:4)
  Kirke (D:13)
  5 tengu reavers
  Roxanne (Shoals:4)
  4 frost giants
  A fire giant (Depths:2)
  4 nagarajas
  A draconian monk (Depths:2)
  Aizul (Shoals:2)
  2 orc warlords
  17 vault wardens
  A ghoul (Vaults:3)
  3 war gargoyles
  2 spriggan defenders (Depths:2)
  13 ironbound preservers
  6 stone giants
  11 ironbound thunderhulks
  11 very ugly things
  4 vampire knights
  A deep elf annihilator (Vaults:2)
  A minotaur (Gauntlet)
  2 spark wasps
  4 dire elephants (Vaults:4)
  Snorg (D:13)
  3 merfolk javelineers
  9 yaktaur captains
  2 ettins
  2 crystal guardians (Vaults:4)
  A deep elf high priest (Depths:2)
  5 entropy weavers
  7 fire dragons
  11 merfolk impalers
  2 salamander tyrants (Snake:4)
  9 great orbs of eyes
  2 rakshasas
  Fannar (Lair:2)
  Harold (Lair:1)
  2 spriggan air magi
  21 centaur warriors
  6 ironbound frosthearts
  9 vault guards
  10 hydras
  2 merfolk avatars
  2 ogre magi (Orc:2)
  3 ice dragons (Depths:2)
  3 peacekeepers
  12 anacondas
  A satyr (Shoals:3)
  9 merfolk aquamancers
  Erica (Lair:2)
  4 alligator snapping turtles
  2 boulder beetles
  2 catoblepae
  3 deep troll shamans
  10 tengu warriors
  13 two-headed ogres
  11 death yaks
  17 naga warriors
  5 deep troll earth magi
  A spriggan berserker (Depths:2)
  Urug (Lair:2)
  A death scarab (Gauntlet)
  An orc high priest (Orc:1)
  7 shock serpents
  A shock serpent (shapeshifter) (Depths:2)
  23 naga sharpshooters
  2 fire crabs
  3 hell knights (Depths:2)
  A fire crab (shapeshifter) (D:14)
  4 salamander mystics (Snake:4)
  2 iron trolls (Depths:1)
  An iron troll (shapeshifter) (Depths:2)
  5 skysharks
  2 flayed ghosts (Depths:2)
  16 sea snakes
  53 deep trolls
  An obsidian statue (D:13)
  A swamp dragon (Lair:5)
  An orange crystal statue (Vaults:3)
  3 naga ritualists
  5 lindwurms (Vaults:2)
  A glowing orange brain (Depths:2)
  A spectral hydra (Gauntlet)
  2 orc knights
  5 wizards
  9 necromancers
  A sphinx zombie (Depths:1)
  A spark wasp zombie (Depths:2)
  23 harpies
  15 ironbound convokers
  5 oklob plants
  8 mana vipers
  A tengu skeleton (Depths:1)
  An orc sorcerer (Orc:2)
  3 fauns
  27 ugly things
  15 manticores
  10 merfolk sirens
  6 cyclopes
  11 salamanders
  25 black mambas
  12 guardian serpents
  10 elephants
  10 water nymphs
  13 cane toads
  9 naga magi
  2 gargoyles
  15 vault sentinels
  2 kobold demonologists (D:12)
  2 efreet
  7 tengu conjurers
  4 rime drakes
  6 komodo dragons
  28 yaktaurs
  15 trolls
  26 merfolk
  3 meliai (D:13)
  A queen bee (D:13)
  9 wind drakes
  A raiju (Lair:5)
  2 hornets (Lair:1)
  A wind drake (shapeshifter) (Depths:2)
  10 polar bears (Lair:5)
  Prince Ribbit (D:7)
  A wolf spider simulacrum (D:9)
  14 blink frogs
  4 dream sheep (Lair:3)
  2 flying skulls (Vaults:3)
  31 slime creatures
  2 centaur simulacra
  11 snapping turtles
  5 wraiths
  A spriggan (shapeshifter) (D:14)
  15 water elementals
  6 wyverns
  A vampire (D:11)
  4 hogs (D:13)
  6 shadows
  29 yaks
  3 fire bats (Gauntlet)
  A yak (shapeshifter) (D:15)
  3 basilisks
  6 vampire mosquitoes
  A steam dragon (Lair:5)
  A death yak simulacrum (D:13)
  A redback (Vaults:2)
  11 wargs
  39 nagas
  A glowing shapeshifter zombie (Depths:1)
  Edmund (D:5)
  3 acid dragons
  16 hell hounds (Lair:5)
  14 water moccasins
  2 swamp worms (Gauntlet)
  A glowing shapeshifter skeleton (Depths:1)
  Duvessa (D:5)
  3 swamp drakes (Lair:5)
  2 ice beasts (D:5)
  A meliai simulacrum (D:14)
  26 orc warriors
  2 sky beasts
  14 black bears
  An ogre (shapeshifter) (D:13)
  22 ogres
  23 wolves
  8 boggarts
  12 centaurs
  3 phantoms
  5 kobold brigands
  13 bullfrogs
  A gnoll sergeant (D:7)
  6 scorpions
  A two-headed ogre simulacrum (D:13)
  15 wights
  Dowan (D:5)
  35 killer bees
  7 howler monkeys
  12 orc priests
  9 hounds
  A jelly (D:8)
  A sleepcap (D:5)
  11 iguanas
  23 orc wizards
  2 spriggan simulacra (D:13)
  9 hell rats
  2 troll simulacra (D:13)
  A wolf simulacrum (D:13)
  8 mummies (Ossuary)
  24 gnolls
  7 adders
  A naga simulacrum (D:13)
  2 white imps (D:5)
  An ufetubus (D:5)
  2 worms
  A dart slug (D:4)
  65 orcs
  6 ball pythons
  A bat (D:3)
  3 endoplasms
  7 giant cockroaches
  5 goblins
  5 hobgoblins
  14 jackals (D:2)
  23 kobolds
  3 quokkas
  8 frilled lizards
  A gnoll zombie (Ossuary)
  3 hobgoblin zombies (Ossuary)
  4 orc zombies (Ossuary)
  6 rats
  7 tentacles
1533 creatures vanquished.

Vanquished Creatures (others)
  A wizard (Depths:2)
  An orc wizard (D:15)
  7 tentacles
9 creatures vanquished.

Grand Total: 1542 creatures vanquished

Notes
Turn   | Place    | Note
-------+----------+-------------------------------------------
     0 | D:1      | qw the Gargoyle Fighter began the quest for the Orb.
     0 | D:1      | Reached XP level 1. HP: 14/14 MP: 1/1
     0 | D:1      | 0 ||| qw: Version: 0.2-a-123-gb51047a
     0 | D:1      | 0 ||| qw: Game counter: 3748
     0 | D:1      | 0 ||| qw: Always use a shield: true
     0 | D:1      | 0 ||| qw: God list: Okawaru
     0 | D:1      | 0 ||| qw: Allow faded altars: false
     0 | D:1      | 0 ||| qw: Do Orc after D:15 true
     0 | D:1      | 0 ||| qw: Do second Lair branch before Depths: true
     0 | D:1      | 0 ||| qw: Lair rune preference: random
     0 | D:1      | 0 ||| qw: Plans: Normal, Zot:1-4, Slime:5, God:TSO, Crypt,
                  | Tomb, Abyss, Pan, Hells, Win
     0 | D:1      | 0 ||| PLANNING D:1-11
    80 | D:1      | HP: 2/14 [kobold/+0 short sword (3)]
   279 | D:1      | HP: 3/14 [gnoll/+0 spear (3)]
   284 | D:1      | Reached XP level 2. HP: 6/19 MP: 2/2
   534 | D:1      | Reached skill level 3 in Axes
   587 | D:1      | Reached XP level 3. HP: 21/23 MP: 3/3
   722 | D:1      | 722 ||| DROPPING scarf of harm.
   723 | D:1      | 723 ||| UPGRADING to +4 ring of protection.
   724 | D:1      | 724 ||| READING 2 scrolls labelled GASSUY QOMIA.
   725 | D:1      | 725 ||| READING scroll labelled KOSUATZIUQUI.
   726 | D:1      | 726 ||| READING scroll labelled NUKHLUNO SIVU.
   731 | D:1      | 731 ||| READING scroll labelled WUMUZEQAMI.
   732 | D:1      | 732 ||| DROPPING scroll of noise.
   814 | D:2      | 814 ||| Stepping ~*~*~tactically~*~*~ (stealth).
   815 | D:2      | 815 ||| Stepping ~*~*~tactically~*~*~ (stealth).
   880 | D:2      | Reached XP level 4. HP: 26/28 MP: 4/4
  1026 | D:2      | Found an ancient bone altar of Kikubaaqudgha.
  1368 | D:2      | 1368 ||| READING 2 scrolls labelled DUVIX MEOCH.
  1369 | D:2      | 1369 ||| READING scroll labelled WOMIRIXEPO.
  1722 | D:3      | Noticed a black bear
  1728 | D:3      | Killed a black bear
  1729 | D:3      | Reached XP level 5. HP: 15/32 MP: 5/5
  1742 | D:3      | HP: 7/33 [orc/+0 hand axe (6)]
  1742 | D:3      | HP: 2/33 [orc/+0 hand axe (5)]
  2060 | D:3      | Found a bloodstained altar of Trog.
  2068 | D:3      | 2068 ||| READING scroll labelled AKKIPS BYNTAUFISA.
  2069 | D:3      | 2069 ||| READING 2 scrolls of identify.
  2069 | D:3      | 2069 ||| IDENTIFYING glowing amethyst potion
  2094 | D:3      | Reached XP level 6. HP: 38/38 MP: 6/6
  2339 | D:3      | Reached skill level 1 in Dodging
  2446 | D:3      | 2446 ||| DROPPING +0 whip of venom.
  2663 | D:4      | 2663 ||| Stepping ~*~*~tactically~*~*~ (stealth).
  2697 | D:4      | Reached skill level 6 in Axes
  2829 | D:4      | 2829 ||| Stepping ~*~*~tactically~*~*~ (hiding).
  2955 | D:4      | Reached XP level 7. HP: 37/43 MP: 7/7
  3049 | D:4      | 3049 ||| DROPPING +0 flail.
  3268 | D:4      | Found Taplefoa's Armour Shoppe.
  3272 | D:4      | Found Tiff's Firing Range.
  3307 | D:4      | 3307 ||| BUYING +0 pair of gloves of strength (161 gold).
  3307 | D:4      | Bought a +0 pair of gloves of strength for 161 gold pieces
  3307 | D:4      | 3307 ||| SHOPLISTING +2 scale mail of fire resistance (294
                  | gold, have 38).
  3307 | D:4      | 3307 ||| SHOPLISTING +3 ring mail of Sull {Harm rCorr
                  | Int+2} (501 gold, have 38).
  3495 | D:4      | 3495 ||| Stepping ~*~*~tactically~*~*~ (hiding).
  3725 | D:4      | 3725 ||| UPGRADING to +0 pair of gloves of strength.
  3730 | D:4      | 3730 ||| UPGRADING to ring of willpower.
  3731 | D:4      | 3731 ||| DRINKING 4 smoky purple potions.
  3769 | D:5      | Entered Level 5 of the Dungeon
  3811 | D:5      | Reached XP level 8. HP: 34/49 MP: 8/8
  3815 | D:5      | Reached skill level 1 in Throwing
  3825 | D:5      | 3825 ||| Stepping ~*~*~tactically~*~*~ (stealth).
  3911 | D:5      | Noticed Edmund
  3920 | D:5      | Killed Edmund
  4088 | D:5      | Found a runed translucent door.
  4089 | D:5      | Noticed Crazy Yiuf
  4144 | D:5      | 4144 ||| READING scroll of enchant armour.
  4144 | D:5      | 4144 ||| ENCHANTING +0 pair of gloves of strength.
  4151 | D:5      | Found a burning altar of Makhleb.
  4391 | D:5      | Noticed Duvessa
  4391 | D:5      | Noticed Dowan
  4406 | D:5      | Killed Duvessa
  4407 | D:5      | Reached skill level 6 in Fighting
  4414 | D:5      | Killed Dowan
  4441 | D:5      | 4441 ||| Stepping ~*~*~tactically~*~*~ (stealth).
  4444 | D:5      | 4444 ||| Stepping ~*~*~tactically~*~*~ (stealth).
  4756 | D:5      | 4756 ||| UPGRADING to +0 chain mail of poison resistance.
  4766 | D:5      | 4766 ||| DROPPING +0 scale mail.
  4767 | D:5      | 4767 ||| READING scroll labelled VILINI TAUXKIE.
  4794 | D:6      | 4794 ||| STAIRDANCE
  4797 | D:5      | Reached skill level 9 in Axes
  4906 | D:6      | 4906 ||| READING scroll of enchant armour.
  4906 | D:6      | 4906 ||| ENCHANTING +1 pair of gloves of strength.
  5017 | D:6      | Reached skill level 4 in Armour
  5017 | D:6      | Reached XP level 9. HP: 44/55 MP: 9/9
  5057 | D:6      | 5057 ||| Stepping ~*~*~tactically~*~*~ (hiding).
  5083 | D:6      | 5083 ||| Stepping ~*~*~tactically~*~*~ (hiding).
  5084 | D:6      | 5084 ||| Stepping ~*~*~tactically~*~*~ (hiding).
  5085 | D:6      | 5085 ||| Stepping ~*~*~tactically~*~*~ (hiding).
  5410 | D:6      | Found a hazy altar of Hepliaklqana.
  5532 | D:6      | 5532 ||| Stepping ~*~*~tactically~*~*~ (stealth).
  5533 | D:6      | 5533 ||| Stepping ~*~*~tactically~*~*~ (stealth).
  5576 | D:6      | Found an ancient bone altar of Kikubaaqudgha.
  5831 | D:6      | 5831 ||| READING scroll labelled SIVVUJ BIYX.
  5832 | D:6      | 5832 ||| DRINKING 3 fuming ruby potions.
  5937 | D:6      | 5937 ||| DROPPING 2 potions of berserk rage.
  6159 | D:7      | 6159 ||| Stepping ~*~*~tactically~*~*~ (hiding).
  6350 | D:7      | Found Monuysofets's Book Shop.
  6537 | D:7      | 6537 ||| Stepping ~*~*~tactically~*~*~ (hiding).
  6546 | D:7      | 6546 ||| Stepping ~*~*~tactically~*~*~ (hiding).
  6598 | D:7      | Identified the +1 ring mail of the Lily {rN+ rCorr Str-4}
  6624 | D:7      | Found a staircase to the Ecumenical Temple.
  6625 | D:7      | 6625 ||| PLANNING TEMPLE
  6635 | D:7      | 6635 ||| UPGRADING to +0 plate armour.
  6645 | D:7      | 6645 ||| DROPPING +0 chain mail of poison resistance.
  6651 | Temple   | Entered the Ecumenical Temple
  6720 | Temple   | 6720 ||| PLANNING D:1-11
  6960 | D:8      | Noticed Prince Ribbit
  6961 | D:8      | 6961 ||| PLANNING OSSUARY
  6964 | D:8      | 6964 ||| STAIRDANCE
  6991 | D:7      | Killed Prince Ribbit
  6992 | D:7      | Reached skill level 5 in Armour
  6992 | D:7      | Reached XP level 10. HP: 28/64 MP: 10/10
  7115 | D:8      | 7115 ||| STAIRDANCE
  7122 | D:7      | Reached skill level 6 in Armour
  7254 | D:8      | Found a sand-covered staircase.
  7255 | D:8      | 7255 ||| READING 2 scrolls of identify.
  7255 | D:8      | 7255 ||| IDENTIFYING viscous white potion
  7263 | Ossuary  | Entered an ossuary
  7496 | Ossuary  | 7496 ||| READING scroll of enchant armour.
  7496 | Ossuary  | 7496 ||| ENCHANTING +0 plate armour.
  7588 | Ossuary  | 7588 ||| READING scroll labelled VYOT JYIK IRR.
  7589 | Ossuary  | 7589 ||| READING scroll labelled PAINIA ACHOALU.
  7590 | Ossuary  | 7590 ||| READING scroll labelled KUFEIMU WEMAO.
  7590 | Ossuary  | Identified a scroll of acquirement
  7590 | Ossuary  | 7590 ||| ACQUIRING +5 broad axe of venom
  7590 | Ossuary  | Acquired a +5 broad axe of venom
  7592 | Ossuary  | 7592 ||| SWAPPING to +5 broad axe of venom.
  7593 | Ossuary  | 7593 ||| DROPPING +1 war axe.
  7594 | Ossuary  | 7594 ||| DRINKING 2 ruby potions.
  7595 | Ossuary  | 7595 ||| DRINKING 2 white potions.
  7596 | Ossuary  | 7596 ||| DRINKING 3 dark potions.
  7597 | Ossuary  | 7597 ||| READING 2 scrolls of identify.
  7597 | Ossuary  | 7597 ||| IDENTIFYING orange potion
  7598 | Ossuary  | 7598 ||| DROPPING potion of ambrosia.
  7599 | Ossuary  | 7599 ||| DROPPING 2 potions of invisibility.
  7619 | D:8      | 7619 ||| PLANNING D:1-11
  7678 | D:8      | 7678 ||| Stepping ~*~*~tactically~*~*~ (hiding).
  7690 | D:8      | 7690 ||| Stepping ~*~*~tactically~*~*~ (hiding).
  8055 | D:8      | 8055 ||| Stepping ~*~*~tactically~*~*~ (stealth).
  8076 | D:8      | Identified the +6 scimitar of Triumph {distort, rC+ rN+
                  | Str+5 Dex+2}
  8133 | D:8      | 8133 ||| Stepping ~*~*~tactically~*~*~ (hiding).
  8134 | D:8      | 8134 ||| Stepping ~*~*~tactically~*~*~ (hiding).
  8185 | D:8      | 8185 ||| FLEEEEING.
  8186 | D:8      | 8186 ||| FLEEEEING.
  8187 | D:8      | 8187 ||| FLEEEEING.
  8188 | D:8      | 8188 ||| FLEEEEING.
  8189 | D:8      | 8189 ||| FLEEEEING.
  8190 | D:8      | 8190 ||| FLEEEEING.
  8191 | D:8      | 8191 ||| FLEEEEING.
  8192 | D:8      | 8192 ||| FLEEEEING.
  8193 | D:8      | 8193 ||| FLEEEEING.
  8194 | D:8      | 8194 ||| FLEEEEING.
  8195 | D:8      | 8195 ||| FLEEEEING.
  8196 | D:8      | 8196 ||| FLEEEEING.
  8197 | D:8      | 8197 ||| FLEEEEING.
  8227 | D:8      | 8227 ||| Stepping ~*~*~tactically~*~*~ (hiding).
  8580 | D:8      | 8580 ||| UPGRADING to +1 pair of boots.
  8585 | D:8      | 8585 ||| DRINKING 2 fuming puce potions.
  8585 | D:8      | Gained mutation: You are vulnerable to cold. (rC-) [potion
                  | of mutation]
  8585 | D:8      | Gained mutation: You are agile. (Dex +4, Str/Int -1)
                  | [potion of mutation]
  8586 | D:8      | 8586 ||| DRINKING potion of mutation.
  8586 | D:8      | Lost mutation: You are vulnerable to cold. (rC-) [potion of
                  | mutation]
  8586 | D:8      | Lost mutation: You are agile. (Dex +4, Str/Int -1) [potion
                  | of mutation]
  8586 | D:8      | Gained mutation: You sometimes lose your temper in combat.
                  | [potion of mutation]
  8586 | D:8      | Gained mutation: You have an increased reservoir of magic.
                  | (+10% MP) [potion of mutation]
  8586 | D:8      | Gained mutation: Your natural rate of healing is unusually
                  | fast. [potion of mutation]
  8595 | D:8      | 8595 ||| DRINKING 2 silvery potions.
  8596 | D:8      | 8596 ||| DROPPING potion of enlightenment.
  8652 | D:9      | Noticed a tengu warrior
  8652 | D:9      | Noticed a gargoyle
  8653 | D:9      | Noticed a two-headed ogre
  8660 | D:9      | 8660 ||| Stepping ~*~*~tactically~*~*~ (hiding).
  8672 | D:9      | Killed a gargoyle
  8673 | D:9      | Reached skill level 7 in Armour
  8680 | D:9      | Killed a two-headed ogre
  8681 | D:9      | Reached skill level 9 in Fighting
  8687 | D:9      | HP: 9/66 [troll (10)]
  8688 | D:9      | 8688 ||| READING scroll of teleportation.
  8689 | D:9      | Reached skill level 8 in Armour
  8689 | D:9      | 8689 ||| DRINKING 3 potions of heal wounds.
  8690 | D:9      | Noticed a two-headed ogre
  8694 | D:9      | Reached XP level 11. HP: 48/71 MP: 12/12
  8698 | D:9      | Killed a two-headed ogre
  8699 | D:9      | Reached skill level 3 in Dodging
  8862 | D:9      | 8862 ||| Stepping ~*~*~tactically~*~*~ (hiding).
  9060 | D:9      | Identified the ring "Igroch" {Fire rElec}
  9061 | D:9      | 9061 ||| Stepping ~*~*~tactically~*~*~ (hiding).
  9081 | D:9      | Noticed a two-headed ogre
  9082 | D:9      | Killed a tengu warrior
  9084 | D:9      | 9084 ||| FLEEEEING.
  9085 | D:9      | 9085 ||| FLEEEEING.
  9094 | D:9      | 9094 ||| FLEEEEING.
  9095 | D:9      | 9095 ||| FLEEEEING.
  9096 | D:9      | 9096 ||| FLEEEEING.
  9097 | D:9      | 9097 ||| FLEEEEING.
  9103 | D:9      | 9103 ||| FLEEEEING.
  9114 | D:9      | Killed a two-headed ogre
  9115 | D:9      | Reached skill level 12 in Axes
  9199 | D:9      | 9199 ||| Stepping ~*~*~tactically~*~*~ (stealth).
  9208 | D:9      | 9208 ||| FLEEEEING.
  9267 | D:9      | 9267 ||| Stepping ~*~*~tactically~*~*~ (hiding).
  9268 | D:9      | 9268 ||| Stepping ~*~*~tactically~*~*~ (stealth).
  9287 | D:9      | 9287 ||| Stepping ~*~*~tactically~*~*~ (stealth).
  9343 | D:9      | Identified the +1 hand axe "Qesut" {heavy, Str+3}
  9345 | D:9      | 9345 ||| Stepping ~*~*~tactically~*~*~ (hiding).
  9349 | D:9      | 9349 ||| Stepping ~*~*~tactically~*~*~ (hiding).
  9350 | D:9      | 9350 ||| Stepping ~*~*~tactically~*~*~ (hiding).
  9771 | D:9      | 9771 ||| READING scroll labelled TYPPACHOHA.
  9772 | D:9      | 9772 ||| DRINKING 2 murky ruby potions.
  9773 | D:9      | 9773 ||| READING 2 scrolls of identify.
  9773 | D:9      | 9773 ||| IDENTIFYING murky coppery potion
  9774 | D:9      | 9774 ||| DROPPING potion of brilliance.
  9794 | D:10     | Entered Level 10 of the Dungeon
  9831 | D:10     | Reached skill level 6 in Shields
 10083 | D:10     | Found an iron altar of Okawaru.
 10084 | D:10     | 10084 ||| PLANNING OKAWARU WORSHIP
 10087 | D:10     | Found an ornate altar of the Wu Jian Council.
 10087 | D:10     | Found a basalt altar of Yredelemnul.
 10087 | D:10     | Found a glowing golden altar of the Shining One.
 10092 | D:10     | Became a worshipper of Warmaster Okawaru
 10092 | D:10     | 10092 ||| PLANNING D:1-11
 10512 | D:10     | Reached skill level 9 in Armour
 10567 | D:10     | Identified the +5 flail of Pandemonium {venom, rPois rC+
                  | Stlth+}
 10577 | D:10     | Reached * piety under Okawaru
 10615 | D:10     | 10615 ||| READING scroll labelled PUZOKUS FUIR.
 10616 | D:10     | 10616 ||| READING 3 scrolls of identify.
 10616 | D:10     | 10616 ||| IDENTIFYING purple potion
 10617 | D:10     | 10617 ||| DROPPING potion of degeneration.
 10673 | D:11     | 10673 ||| Stepping ~*~*~tactically~*~*~ (stealth).
 10685 | D:11     | Reached skill level 1 in Invocations
 10737 | D:11     | Noticed a cyclops
 10738 | D:11     | 10738 ||| INVOKING Heroism.
 10742 | D:11     | Killed a cyclops
 10857 | D:11     | 10857 ||| INVOKING Heroism.
 10864 | D:11     | Reached XP level 12. HP: 77/77 MP: 12/15
 10911 | D:11     | Reached skill level 3 in Invocations
 10949 | D:11     | 10949 ||| READING scroll of enchant armour.
 10949 | D:11     | 10949 ||| ENCHANTING +1 pair of boots.
 11001 | D:11     | 11001 ||| READING scroll of enchant weapon.
 11001 | D:11     | 11001 ||| ENCHANTING +5 broad axe of protection.
 11226 | D:11     | Reached ** piety under Okawaru
 11340 | D:11     | Reached skill level 3 in Throwing
 11408 | D:11     | Found a staircase to the Lair.
 11449 | D:11     | 11449 ||| PLANNING LAIR
 11449 | D:11     | 11449 ||| UPGRADING to scarf of resistance.
 11492 | Lair:1   | Entered Level 1 of the Lair of Beasts
 11516 | Lair:1   | 11516 ||| INVOKING Heroism.
 11533 | Lair:1   | Noticed a boulder beetle
 11533 | Lair:1   | Noticed Harold
 11541 | Lair:1   | 11541 ||| INVOKING Heroism.
 11544 | Lair:1   | Killed Harold
 11548 | Lair:1   | HP: 17/77 [boulder beetle (27)]
 11549 | Lair:1   | 11549 ||| READING 2 scrolls of teleportation.
 11550 | Lair:1   | 11550 ||| DRINKING 3 potions of heal wounds.
 11557 | Lair:1   | 11557 ||| INVOKING Heroism.
 11578 | Lair:1   | 11578 ||| Stepping ~*~*~tactically~*~*~ (stealth).
 11579 | Lair:1   | 11579 ||| Stepping ~*~*~tactically~*~*~ (stealth).
 11685 | Lair:1   | Reached *** piety under Okawaru
 11799 | Lair:1   | 11799 ||| READING scroll of enchant weapon.
 11799 | Lair:1   | 11799 ||| ENCHANTING +6 broad axe of protection.
 11954 | Lair:1   | 11954 ||| INVOKING Heroism.
 11975 | Lair:1   | Killed a boulder beetle
 12139 | Lair:2   | Noticed a six-headed hydra
 12140 | Lair:2   | 12140 ||| PLANNING GAUNTLET
 12140 | Lair:2   | 12140 ||| INVOKING Heroism.
 12152 | Lair:2   | 12152 ||| SWAPPING to +5 flail of Pandemonium {venom, rPois
                  | rC+ Stlth+}.
 12160 | Lair:2   | Killed a six-headed hydra
 12161 | Lair:2   | 12161 ||| SWAPPING to +7 broad axe of protection.
 12195 | Lair:2   | 12195 ||| INVOKING Heroism.
 12208 | Lair:2   | 12208 ||| Stepping ~*~*~tactically~*~*~ (stealth).
 12216 | Lair:2   | 12216 ||| Stepping ~*~*~tactically~*~*~ (hiding).
 12222 | Lair:2   | Received a gift from Okawaru
 12227 | Lair:2   | 12227 ||| Stepping ~*~*~tactically~*~*~ (stealth).
 12229 | Lair:2   | 12229 ||| Stepping ~*~*~tactically~*~*~ (hiding).
 12232 | Lair:2   | 12232 ||| INVOKING Heroism.
 12257 | Lair:2   | Reached XP level 13. HP: 83/83 MP: 17/17
 12264 | Lair:2   | 12264 ||| INVOKING Heroism.
 12278 | Lair:2   | 12278 ||| INVOKING Heroism.
 12431 | Lair:2   | Found a staircase to the Shoals.
 12475 | Lair:2   | Found a gate leading to a gauntlet.
 12478 | Lair:2   | Noticed Fannar
 12480 | Lair:2   | 12480 ||| Stepping ~*~*~tactically~*~*~ (hiding).
 12493 | Lair:2   | 12493 ||| INVOKING Heroism.
 12506 | Lair:2   | Killed Fannar
 12544 | Lair:2   | Noticed Urug
 12545 | Lair:2   | 12545 ||| INVOKING Heroism.
 12563 | Lair:2   | Killed Urug
 12574 | Lair:2   | Noticed Erica
 12575 | Lair:2   | 12575 ||| INVOKING Heroism.
 12586 | Lair:2   | Killed Erica
 12593 | Gauntlet | Entered a Gauntlet
 12593 | Gauntlet | Found a transporter.
 12593 | Gauntlet | Found a transporter.
 12595 | Gauntlet | Noticed a quicksilver ooze
 12603 | Gauntlet | Noticed a balrug
 12604 | Gauntlet | Found a transporter.
 12609 | Gauntlet | Found a transporter.
 12615 | Gauntlet | Found a transporter.
 12619 | Gauntlet | Found a transporter.
 12632 | Gauntlet | Found a transporter.
 12654 | Gauntlet | Found a transporter.
 12679 | Gauntlet | Found a transporter.
 12739 | Gauntlet | Found a transporter.
 12740 | Gauntlet | Found a transporter.
 12749 | Gauntlet | Found a transporter.
 12795 | Gauntlet | 12795 ||| INVOKING Heroism.
 12829 | Gauntlet | 12829 ||| DRINKING 2 blue potions.
 12870 | Gauntlet | 12870 ||| INVOKING Heroism.
 12883 | Gauntlet | Reached skill level 10 in Armour
 12907 | Gauntlet | 12907 ||| INVOKING Heroism.
 12909 | Gauntlet | 12909 ||| SWAPPING to +5 flail of Pandemonium {venom, rPois
                  | rC+ Stlth+}.
 12919 | Gauntlet | 12919 ||| SWAPPING to +7 broad axe of protection.
 12952 | Gauntlet | Received a gift from Okawaru
 13013 | Gauntlet | Noticed a minotaur
 13013 | Gauntlet | Found the amulet of the Four Winds {rN+ Will+++ Clar}
 13014 | Gauntlet | 13014 ||| Stepping ~*~*~tactically~*~*~ (hiding).
 13018 | Gauntlet | 13018 ||| INVOKING Heroism.
 13029 | Gauntlet | Killed a minotaur
 13084 | Gauntlet | 13084 ||| READING 2 scrolls of enchant weapon.
 13084 | Gauntlet | 13084 ||| ENCHANTING +7 broad axe of protection.
 13085 | Gauntlet | 13085 ||| READING scroll of enchant weapon.
 13085 | Gauntlet | 13085 ||| ENCHANTING +8 broad axe of protection.
 13097 | Gauntlet | 13097 ||| UPGRADING to amulet of the Four Winds {rN+
                  | Will+++ Clar}.
 13102 | Gauntlet | 13102 ||| REMOVING ring of willpower.
 13103 | Gauntlet | 13103 ||| UPGRADING to ring of positive energy.
 13117 | Lair:2   | 13117 ||| PLANNING LAIR
 13145 | Lair:2   | Reached **** piety under Okawaru
 13677 | Lair:3   | 13677 ||| INVOKING Heroism.
 13806 | Lair:3   | Found a staircase to the Snake Pit.
 13807 | Lair:3   | 13807 ||| Stepping ~*~*~tactically~*~*~ (hiding).
 13809 | Lair:3   | 13809 ||| Stepping ~*~*~tactically~*~*~ (hiding).
 13819 | Lair:3   | 13819 ||| FLEEEEING.
 13851 | Lair:3   | 13851 ||| INVOKING Heroism.
 13852 | Lair:3   | 13852 ||| Stepping ~*~*~tactically~*~*~ (stealth).
 13855 | Lair:3   | 13855 ||| Stepping ~*~*~tactically~*~*~ (stealth).
 13857 | Lair:3   | 13857 ||| Stepping ~*~*~tactically~*~*~ (stealth).
 13861 | Lair:3   | Reached skill level 6 in Invocations
 13871 | Lair:3   | Found a burning altar of Makhleb.
 13880 | Lair:3   | 13880 ||| INVOKING Heroism.
 14050 | Lair:3   | Reached skill level 6 in Throwing
 14065 | Lair:3   | Reached ***** piety under Okawaru
 14077 | Lair:3   | 14077 ||| READING scroll of enchant armour.
 14077 | Lair:3   | 14077 ||| ENCHANTING +1 plate armour.
 14093 | Lair:3   | Found a runed translucent gate.
 14093 | Lair:3   | Found a runed translucent gate.
 14093 | Lair:3   | Found a runed translucent gate.
 14105 | Lair:3   | Noticed qw's ghost (journeyman MiHu)
 14139 | Lair:3   | Gained mutation: Your large and strong wings let you fly.
                  | [Gargoyle growth]
 14139 | Lair:3   | Reached XP level 14. HP: 76/90 MP: 21/21
 14228 | Lair:3   | Received a gift from Okawaru
 14579 | Lair:3   | 14579 ||| DROPPING +2 flail of holy wrath.
 14659 | Lair:3   | 14659 ||| UPGRADING to +0 helmet of intelligence.
 14664 | Lair:3   | 14664 ||| READING scroll labelled DUCLAU LILOUM.
 14715 | Lair:4   | 14715 ||| INVOKING Heroism.
 14716 | Lair:4   | 14716 ||| INVOKING Finesse.
 14717 | Lair:4   | 14717 ||| SWAPPING to +5 flail of Pandemonium {venom, rPois
                  | rC+ Stlth+}.
 14725 | Lair:4   | 14725 ||| SWAPPING to +9 broad axe of protection.
 14928 | Lair:4   | 14928 ||| INVOKING Heroism.
 14934 | Lair:4   | 14934 ||| SWAPPING to +5 flail of Pandemonium {venom, rPois
                  | rC+ Stlth+}.
 14939 | Lair:4   | 14939 ||| SWAPPING to +9 broad axe of protection.
 14946 | Lair:4   | 14946 ||| Stepping ~*~*~tactically~*~*~ (stealth).
 14955 | Lair:4   | Reached skill level 15 in Axes
 14963 | Lair:4   | 14963 ||| Stepping ~*~*~tactically~*~*~ (cloud).
 15100 | Lair:4   | 15100 ||| INVOKING Heroism.
 15106 | Lair:4   | 15106 ||| SWAPPING to +5 flail of Pandemonium {venom, rPois
                  | rC+ Stlth+}.
 15115 | Lair:4   | 15115 ||| SWAPPING to +9 broad axe of protection.
 15243 | Lair:4   | 15243 ||| INVOKING Heroism.
 15244 | Lair:4   | Found a staircase to the Slime Pits.
 15245 | Lair:4   | Found a viscous altar of Jiyva.
 15255 | Lair:4   | 15255 ||| DRINKING 3 potions of cancellation.
 15262 | Lair:4   | 15262 ||| READING 3 scrolls of teleportation.
 15269 | Lair:4   | 15269 ||| FLEEEEING.
 15270 | Lair:4   | 15270 ||| FLEEEEING.
 15271 | Lair:4   | 15271 ||| FLEEEEING.
 15272 | Lair:4   | 15272 ||| FLEEEEING.
 15273 | Lair:4   | 15273 ||| FLEEEEING.
 15274 | Lair:4   | 15274 ||| FLEEEEING.
 15275 | Lair:4   | 15275 ||| FLEEEEING.
 15277 | Lair:4   | 15277 ||| FLEEEEING.
 15278 | Lair:4   | 15278 ||| FLEEEEING.
 15279 | Lair:4   | 15279 ||| FLEEEEING.
 15281 | Lair:4   | 15281 ||| FLEEEEING.
 15282 | Lair:4   | 15282 ||| FLEEEEING.
 15284 | Lair:4   | 15284 ||| FLEEEEING.
 15285 | Lair:4   | 15285 ||| FLEEEEING.
 15286 | Lair:4   | 15286 ||| FLEEEEING.
 15287 | Lair:4   | 15287 ||| FLEEEEING.
 15288 | Lair:4   | 15288 ||| FLEEEEING.
 15289 | Lair:4   | 15289 ||| FLEEEEING.
 15290 | Lair:4   | 15290 ||| FLEEEEING.
 15291 | Lair:4   | 15291 ||| FLEEEEING.
 15292 | Lair:4   | 15292 ||| FLEEEEING.
 15293 | Lair:4   | 15293 ||| FLEEEEING.
 15294 | Lair:4   | 15294 ||| FLEEEEING.
 15299 | Lair:4   | 15299 ||| FLEEEEING.
 15300 | Lair:4   | 15300 ||| FLEEEEING.
 15301 | Lair:4   | 15301 ||| FLEEEEING.
 15302 | Lair:4   | 15302 ||| FLEEEEING.
 15303 | Lair:4   | 15303 ||| FLEEEEING.
 15305 | Lair:4   | 15305 ||| STAIRDANCE
 15421 | Lair:4   | 15421 ||| INVOKING Heroism.
 15422 | Lair:4   | 15422 ||| SWAPPING to +5 flail of Pandemonium {venom, rPois
                  | rC+ Stlth+}.
 15430 | Lair:4   | 15430 ||| SWAPPING to +9 broad axe of protection.
 15478 | Lair:4   | 15478 ||| INVOKING Heroism.
 15653 | Lair:4   | 15653 ||| INVOKING Heroism.
 15667 | Lair:4   | Reached skill level 11 in Armour
 15709 | Lair:5   | Entered Level 5 of the Lair of Beasts
 15725 | Lair:5   | 15725 ||| INVOKING Heroism.
 15765 | Lair:5   | 15765 ||| SWAPPING to +5 flail of Pandemonium {venom, rPois
                  | rC+ Stlth+}.
 15770 | Lair:5   | 15770 ||| INVOKING Heroism.
 15777 | Lair:5   | Received a gift from Okawaru
 15778 | Lair:5   | 15778 ||| SWAPPING to +9 broad axe of protection.
 15787 | Lair:5   | 15787 ||| Stepping ~*~*~tactically~*~*~ (stealth).
 15868 | Lair:5   | 15868 ||| INVOKING Heroism.
 15869 | Lair:5   | 15869 ||| Stepping ~*~*~tactically~*~*~ (stealth).
 15871 | Lair:5   | 15871 ||| SWAPPING to +5 flail of Pandemonium {venom, rPois
                  | rC+ Stlth+}.
 15881 | Lair:5   | 15881 ||| SWAPPING to +9 broad axe of protection.
 15917 | Lair:5   | Reached skill level 12 in Fighting
 16001 | Lair:5   | 16001 ||| Stepping ~*~*~tactically~*~*~ (hiding).
 16006 | Lair:5   | 16006 ||| INVOKING Heroism.
 16109 | Lair:5   | 16109 ||| Stepping ~*~*~tactically~*~*~ (stealth).
 16124 | Lair:5   | 16124 ||| Stepping ~*~*~tactically~*~*~ (stealth).
 16149 | Lair:5   | 16149 ||| INVOKING Heroism.
 16179 | Lair:5   | 16179 ||| Stepping ~*~*~tactically~*~*~ (stealth).
 16181 | Lair:5   | 16181 ||| Stepping ~*~*~tactically~*~*~ (hiding).
 16202 | Lair:5   | 16202 ||| Stepping ~*~*~tactically~*~*~ (stealth).
 16207 | Lair:5   | 16207 ||| Stepping ~*~*~tactically~*~*~ (stealth).
 16209 | Lair:5   | 16209 ||| Stepping ~*~*~tactically~*~*~ (stealth).
 16211 | Lair:5   | 16211 ||| Stepping ~*~*~tactically~*~*~ (stealth).
 16219 | Lair:5   | 16219 ||| Stepping ~*~*~tactically~*~*~ (stealth).
 16225 | Lair:5   | 16225 ||| INVOKING Heroism.
 16230 | Lair:5   | 16230 ||| SWAPPING to +5 flail of Pandemonium {venom, rPois
                  | rC+ Stlth+}.
 16232 | Lair:5   | 16232 ||| SWAPPING to +9 broad axe of protection.
 16239 | Lair:5   | Reached skill level 9 in Invocations
 16275 | Lair:5   | 16275 ||| INVOKING Heroism.
 16303 | Lair:5   | 16303 ||| Stepping ~*~*~tactically~*~*~ (hiding).
 16508 | Lair:5   | 16508 ||| Stepping ~*~*~tactically~*~*~ (hiding).
 16509 | Lair:5   | 16509 ||| Stepping ~*~*~tactically~*~*~ (stealth).
 16527 | Lair:5   | 16527 ||| Stepping ~*~*~tactically~*~*~ (hiding).
 16662 | Lair:5   | 16662 ||| Stepping ~*~*~tactically~*~*~ (stealth).
 16665 | Lair:5   | 16665 ||| Stepping ~*~*~tactically~*~*~ (stealth).
 16670 | Lair:5   | 16670 ||| Stepping ~*~*~tactically~*~*~ (stealth).
 16671 | Lair:5   | 16671 ||| Stepping ~*~*~tactically~*~*~ (stealth).
 16683 | Lair:5   | Received a gift from Okawaru
 16713 | Lair:5   | 16713 ||| Stepping ~*~*~tactically~*~*~ (hiding).
 16714 | Lair:5   | 16714 ||| Stepping ~*~*~tactically~*~*~ (hiding).
 16732 | Lair:5   | 16732 ||| Stepping ~*~*~tactically~*~*~ (stealth).
 16735 | Lair:5   | 16735 ||| Stepping ~*~*~tactically~*~*~ (stealth).
 16736 | Lair:5   | 16736 ||| Stepping ~*~*~tactically~*~*~ (stealth).
 16777 | Lair:5   | 16777 ||| Stepping ~*~*~tactically~*~*~ (stealth).
 16797 | Lair:5   | 16797 ||| Stepping ~*~*~tactically~*~*~ (stealth).
 16799 | Lair:5   | 16799 ||| Stepping ~*~*~tactically~*~*~ (hiding).
 16912 | Lair:5   | 16912 ||| Stepping ~*~*~tactically~*~*~ (stealth).
 16914 | Lair:5   | 16914 ||| Stepping ~*~*~tactically~*~*~ (hiding).
 16932 | Lair:5   | Reached XP level 15. HP: 85/96 MP: 24/24
 16960 | Lair:5   | 16960 ||| Stepping ~*~*~tactically~*~*~ (hiding).
 16965 | Lair:5   | 16965 ||| INVOKING Heroism.
 16980 | Lair:5   | 16980 ||| Stepping ~*~*~tactically~*~*~ (hiding).
 16983 | Lair:5   | 16983 ||| Stepping ~*~*~tactically~*~*~ (hiding).
 17065 | Lair:5   | 17065 ||| Stepping ~*~*~tactically~*~*~ (stealth).
 17069 | Lair:5   | 17069 ||| Stepping ~*~*~tactically~*~*~ (stealth).
 17075 | Lair:5   | Received a gift from Okawaru
 17088 | Lair:5   | 17088 ||| INVOKING Heroism.
 17096 | Lair:5   | Reached skill level 12 in Armour
 17325 | Lair:5   | 17325 ||| PLANNING D
 17325 | Lair:5   | 17325 ||| UPGRADING to +1 helmet.
 17335 | Lair:5   | 17335 ||| DROPPING +0 helmet of intelligence.
 17336 | Lair:5   | 17336 ||| DRINKING 2 sedimented ruby potions.
 17426 | D:12     | Received a gift from Okawaru
 17585 | D:12     | 17585 ||| Stepping ~*~*~tactically~*~*~ (stealth).
 17599 | D:12     | 17599 ||| Stepping ~*~*~tactically~*~*~ (hiding).
 17609 | D:12     | Received a gift from Okawaru
 17667 | D:12     | 17667 ||| INVOKING Heroism.
 17711 | D:12     | Found a staircase to the Orcish Mines.
 17922 | D:12     | 17922 ||| Stepping ~*~*~tactically~*~*~ (stealth).
 17924 | D:12     | 17924 ||| Stepping ~*~*~tactically~*~*~ (stealth).
 18006 | D:12     | 18006 ||| READING scroll labelled MOEFRUSS HOTO.
 18029 | D:13     | 18029 ||| STAIRDANCE
 18042 | D:13     | 18042 ||| STAIRDANCE
 18063 | D:13     | 18063 ||| STAIRDANCE
 18090 | D:13     | 18090 ||| STAIRDANCE
 18126 | D:13     | Found a frozen archway.
 18137 | D:13     | 18137 ||| FLEEEEING.
 18138 | D:13     | 18138 ||| FLEEEEING.
 18138 | D:13     | Noticed Kirke
 18139 | D:13     | 18139 ||| FLEEEEING.
 18140 | D:13     | 18140 ||| FLEEEEING.
 18141 | D:13     | 18141 ||| FLEEEEING.
 18142 | D:13     | 18142 ||| STAIRDANCE
 18174 | D:13     | 18174 ||| INVOKING Heroism.
 18175 | D:13     | 18175 ||| INVOKING Finesse.
 18186 | D:13     | Killed Kirke
 18220 | D:13     | Noticed Snorg
 18221 | D:13     | 18221 ||| Stepping ~*~*~tactically~*~*~ (stealth).
 18224 | D:13     | 18224 ||| Stepping ~*~*~tactically~*~*~ (stealth).
 18231 | D:13     | Killed Snorg
 18344 | D:13     | 18344 ||| INVOKING Heroism.
 18345 | D:13     | Found a gateway to a bazaar.
 18345 | D:13     | 18345 ||| PLANNING BAZAAR
 18353 | D:13     | 18353 ||| DROPPING +1 ring mail of the Lily {rN+ rCorr
                  | Str-4}.
 18357 | Bazaar   | Entered a bazaar
 18357 | Bazaar   | Found Bealat's Weapon Boutique.
 18357 | Bazaar   | Found Qerghuadgh's Antique Armour Shop.
 18357 | Bazaar   | Found Duleywol's Armour Shop.
 18367 | Bazaar   | 18367 ||| BUYING +4 scale mail of fire resistance (279
                  | gold).
 18367 | Bazaar   | Bought a +4 scale mail of fire resistance for 279 gold
                  | pieces
 18372 | D:13     | 18372 ||| PLANNING D
 18444 | D:13     | Noticed Jorgrun
 18460 | D:13     | Identified the +0 scale mail "Amikumou" {Regen+ rCorr Int+2
                  | Dex+3}
 18466 | D:13     | 18466 ||| Stepping ~*~*~tactically~*~*~ (hiding).
 18472 | D:13     | 18472 ||| INVOKING Heroism.
 18487 | D:13     | Killed Jorgrun
 18619 | D:13     | 18619 ||| Stepping ~*~*~tactically~*~*~ (hiding).
 18626 | D:13     | 18626 ||| INVOKING Heroism.
 18755 | D:13     | Found a gate to the Vaults.
 18756 | D:13     | 18756 ||| INVOKING Heroism.
 18769 | D:13     | Received a gift from Okawaru
 18776 | D:13     | 18776 ||| SWAPPING to +5 flail of Pandemonium {venom, rPois
                  | rC+ Stlth+}.
 18781 | D:13     | 18781 ||| SWAPPING to +9 broad axe of protection.
 18801 | D:13     | 18801 ||| INVOKING Heroism.
 18802 | D:13     | HP: 17/98 [efreet/bolt of fire (10)]
 18803 | D:13     | 18803 ||| READING 6 scrolls of teleportation.
 18804 | D:13     | 18804 ||| DRINKING 3 potions of heal wounds.
 18903 | D:13     | 18903 ||| Stepping ~*~*~tactically~*~*~ (stealth).
 19052 | D:13     | 19052 ||| DROPPING +0 acid dragon scales.
 19053 | D:13     | 19053 ||| UPGRADING to +0 kite shield.
 19063 | D:13     | 19063 ||| DROPPING +0 buckler.
 19134 | D:14     | 19134 ||| Stepping ~*~*~tactically~*~*~ (hiding).
 19145 | D:14     | Found Hieqexuace's Jewellery Boutique.
 19147 | D:14     | 19147 ||| Stepping ~*~*~tactically~*~*~ (hiding).
 19149 | D:14     | 19149 ||| Stepping ~*~*~tactically~*~*~ (hiding).
 19264 | D:14     | 19264 ||| BUYING amulet of Dereom {Spirit rN+} (535 gold).
 19264 | D:14     | Bought the amulet of Dereom {Spirit rN+} for 535 gold
                  | pieces
 19264 | D:14     | 19264 ||| BUYING amulet of reflection (390 gold).
 19264 | D:14     | Bought an amulet of reflection for 390 gold pieces
 19264 | D:14     | 19264 ||| SHOPLISTING ring of resist corrosion (260 gold,
                  | have 256).
 19264 | D:14     | 19264 ||| BUYING ring of see invisible (195 gold).
 19264 | D:14     | Bought a ring of see invisible for 195 gold pieces
 19265 | D:14     | Found Xolatabb's Armour Shop.
 19274 | D:14     | 19274 ||| SHOPLISTING +1 plate armour of willpower (385
                  | gold, have 61).
 19274 | D:14     | 19274 ||| SHOPLISTING +8 chain mail of Wasted Space {rN+
                  | SInv} (658 gold, have 61).
 19316 | D:14     | Found Asenaosh's Magic Scroll Shoppe.
 19323 | D:14     | 19323 ||| Stepping ~*~*~tactically~*~*~ (hiding).
 19328 | D:14     | Reached skill level 9 in Shields
 19363 | D:14     | 19363 ||| BUYING scroll of identify (32 gold).
 19363 | D:14     | Bought a scroll of identify for 32 gold pieces
 19363 | D:14     | 19363 ||| SHOPLISTING scroll of identify (32 gold, have
                  | 29).
 19363 | D:14     | 19363 ||| SHOPLISTING scroll of teleportation (48 gold,
                  | have 29).
 19387 | D:14     | 19387 ||| INVOKING Heroism.
 19448 | D:14     | Received a gift from Okawaru
 19497 | D:14     | 19497 ||| Stepping ~*~*~tactically~*~*~ (hiding).
 19518 | D:14     | Reached XP level 16. HP: 100/104 MP: 25/25
 19607 | D:14     | Found Xodierus's Jewellery Shop.
 19616 | D:14     | 19616 ||| SHOPLISTING ring "Iqioxosu" {rF+ rN+ Will++ Dex-2
                  | Slay+4} (1875 gold, have 29).
 19616 | D:14     | 19616 ||| SHOPLISTING ring "Lavur" {Fly rPois rC+ rN+} (725
                  | gold, have 29).
 19616 | D:14     | 19616 ||| SHOPLISTING ring of protection from fire (450
                  | gold, have 29).
 19619 | D:14     | 19619 ||| DRINKING potion of mutation.
 19619 | D:14     | Lost mutation: Your natural rate of healing is unusually
                  | fast. [potion of mutation]
 19619 | D:14     | Lost mutation: You have an increased reservoir of magic.
                  | (+10% MP) [potion of mutation]
 19619 | D:14     | Lost mutation: You sometimes lose your temper in combat.
                  | [potion of mutation]
 19619 | D:14     | Gained mutation: Your spells are a little harder to cast,
                  | but a little more powerful. [potion of mutation]
 19619 | D:14     | Gained mutation: Your body sometimes deteriorates upon
                  | taking damage. [potion of mutation]
 19674 | D:14     | Found a shimmering altar of Xom.
 19785 | D:14     | 19785 ||| DROPPING amulet of Dereom {Spirit rN+}.
 19786 | D:14     | 19786 ||| DROPPING amulet of guardian spirit.
 19787 | D:14     | 19787 ||| UPGRADING to ring of see invisible.
 19789 | D:14     | 19789 ||| UPGRADING to +0 pearl dragon scales.
 19799 | D:14     | 19799 ||| DROPPING +2 plate armour.
 19836 | D:15     | Entered Level 15 of the Dungeon
 19863 | D:15     | 19863 ||| INVOKING Heroism.
 20021 | D:15     | 20021 ||| Stepping ~*~*~tactically~*~*~ (hiding).
 20036 | D:15     | Received a gift from Okawaru
 20107 | D:15     | 20107 ||| Stepping ~*~*~tactically~*~*~ (hiding).
 20221 | D:15     | Found a staircase to the Depths.
 20222 | D:15     | 20222 ||| Stepping ~*~*~tactically~*~*~ (hiding).
 20223 | D:15     | 20223 ||| INVOKING Heroism.
 20224 | D:15     | 20224 ||| INVOKING Finesse.
 20225 | D:15     | 20225 ||| INVOKING Finesse.
 20236 | D:15     | 20236 ||| Stepping ~*~*~tactically~*~*~ (hiding).
 20271 | D:15     | 20271 ||| Stepping ~*~*~tactically~*~*~ (stealth).
 20275 | D:15     | 20275 ||| INVOKING Heroism.
 20835 | D:15     | 20835 ||| PLANNING ORC
 20835 | D:15     | 20835 ||| UPGRADING to +0 tower shield.
 20845 | D:15     | 20845 ||| DROPPING +0 kite shield.
 20958 | Orc:1    | Entered Level 1 of the Orcish Mines
 20963 | Orc:1    | 20963 ||| Stepping ~*~*~tactically~*~*~ (stealth).
 20964 | Orc:1    | 20964 ||| Stepping ~*~*~tactically~*~*~ (stealth).
 20967 | Orc:1    | 20967 ||| INVOKING Heroism.
 20983 | Orc:1    | Reached skill level 12 in Shields
 20987 | Orc:1    | 20987 ||| Stepping ~*~*~tactically~*~*~ (hiding).
 20988 | Orc:1    | 20988 ||| Stepping ~*~*~tactically~*~*~ (hiding).
 21158 | Orc:1    | 21158 ||| Stepping ~*~*~tactically~*~*~ (stealth).
 21216 | Orc:1    | 21216 ||| Stepping ~*~*~tactically~*~*~ (hiding).
 21225 | Orc:1    | 21225 ||| Stepping ~*~*~tactically~*~*~ (hiding).
 21230 | Orc:1    | 21230 ||| FLEEEEING.
 21232 | Orc:1    | 21232 ||| STAIRDANCE
 21339 | Orc:1    | 21339 ||| STAIRDANCE
 21384 | Orc:1    | 21384 ||| INVOKING Heroism.
 21391 | Orc:1    | 21391 ||| Stepping ~*~*~tactically~*~*~ (hiding).
 21460 | Orc:1    | 21460 ||| Stepping ~*~*~tactically~*~*~ (hiding).
 21589 | Orc:1    | 21589 ||| DROPPING +4 scale mail of fire resistance.
 21603 | Orc:2    | Entered Level 2 of the Orcish Mines
 21634 | Orc:2    | 21634 ||| Stepping ~*~*~tactically~*~*~ (stealth).
 21639 | Orc:2    | 21639 ||| Stepping ~*~*~tactically~*~*~ (hiding).
 21641 | Orc:2    | 21641 ||| Stepping ~*~*~tactically~*~*~ (hiding).
 21644 | Orc:2    | 21644 ||| INVOKING Heroism.
 21713 | Orc:1    | 21713 ||| Stepping ~*~*~tactically~*~*~ (stealth).
 21739 | Orc:1    | 21739 ||| INVOKING Heroism.
 21885 | Orc:2    | Found a staircase to the Elven Halls.
 22017 | Orc:2    | 22017 ||| Stepping ~*~*~tactically~*~*~ (hiding).
 22018 | Orc:2    | 22018 ||| Stepping ~*~*~tactically~*~*~ (hiding).
 22019 | Orc:2    | 22019 ||| Stepping ~*~*~tactically~*~*~ (hiding).
 22020 | Orc:2    | 22020 ||| Stepping ~*~*~tactically~*~*~ (hiding).
 22099 | Orc:2    | 22099 ||| INVOKING Heroism.
 22100 | Orc:2    | Received a gift from Okawaru
 22118 | Orc:2    | Received a gift from Okawaru
 22143 | Orc:2    | 22143 ||| INVOKING Heroism.
 22170 | Orc:2    | 22170 ||| Stepping ~*~*~tactically~*~*~ (stealth).
 22188 | Orc:2    | 22188 ||| FLEEEEING.
 22189 | Orc:2    | 22189 ||| FLEEEEING.
 22190 | Orc:2    | 22190 ||| FLEEEEING.
 22191 | Orc:2    | 22191 ||| FLEEEEING.
 22306 | Orc:2    | Found Hoj Varo's Antique Weapon Emporium.
 22307 | Orc:2    | Found Josay's Magic Scroll Emporium.
 22321 | Orc:2    | Found Westreic's General Store.
 22327 | Orc:2    | Found Zoavvic's Book Shoppe.
 22330 | Orc:2    | 22330 ||| BUYING 2 potions of attraction (78 gold).
 22330 | Orc:2    | Bought 2 potions of attraction for 78 gold pieces
 22330 | Orc:2    | 22330 ||| BUYING potion of resistance (130 gold).
 22330 | Orc:2    | Bought a potion of resistance for 130 gold pieces
 22345 | Orc:2    | 22345 ||| BUYING scroll of identify (26 gold).
 22345 | Orc:2    | Bought a scroll of identify for 26 gold pieces
 22345 | Orc:2    | 22345 ||| BUYING scroll of teleportation (39 gold).
 22345 | Orc:2    | Bought a scroll of teleportation for 39 gold pieces
 22345 | Orc:2    | 22345 ||| BUYING scroll of teleportation (39 gold).
 22345 | Orc:2    | Bought a scroll of teleportation for 39 gold pieces
 22395 | Orc:2    | 22395 ||| PLANNING SHOALS:1-3
 22532 | Shoals:1 | Entered Level 1 of the Shoals
 22615 | Shoals:1 | 22615 ||| INVOKING Heroism.
 22715 | Shoals:1 | Received a gift from Okawaru
 22821 | Shoals:1 | 22821 ||| Stepping ~*~*~tactically~*~*~ (hiding).
 22826 | Shoals:1 | 22826 ||| INVOKING Heroism.
 23032 | Shoals:1 | Reached skill level 15 in Shields
 23055 | Shoals:1 | 23055 ||| Stepping ~*~*~tactically~*~*~ (hiding).
 23116 | Shoals:1 | Received a gift from Okawaru
 23316 | Shoals:1 | 23316 ||| INVOKING Heroism.
 23507 | Shoals:1 | 23507 ||| DROPPING +2 pair of gloves.
 23522 | Shoals:2 | Noticed Mlioglotl
 23523 | Shoals:2 | 23523 ||| INVOKING Heroism.
 23540 | Shoals:2 | Killed Mlioglotl
 23564 | Shoals:2 | 23564 ||| Stepping ~*~*~tactically~*~*~ (stealth).
 23565 | Shoals:2 | 23565 ||| Stepping ~*~*~tactically~*~*~ (stealth).
 23690 | Shoals:2 | 23690 ||| Stepping ~*~*~tactically~*~*~ (hiding).
 23691 | Shoals:2 | 23691 ||| Stepping ~*~*~tactically~*~*~ (hiding).
 23693 | Shoals:2 | 23693 ||| INVOKING Heroism.
 23720 | Shoals:2 | Reached XP level 17. HP: 108/108 MP: 24/24
 23728 | Shoals:2 | Noticed Aizul
 23740 | Shoals:2 | 23740 ||| INVOKING Heroism.
 23746 | Shoals:2 | Killed Aizul
 23834 | Shoals:2 | 23834 ||| INVOKING Heroism.
 24030 | Shoals:2 | 24030 ||| READING scroll of enchant armour.
 24030 | Shoals:2 | 24030 ||| ENCHANTING +0 pearl dragon scales.
 24065 | Shoals:2 | 24065 ||| Stepping ~*~*~tactically~*~*~ (stealth).
 24068 | Shoals:2 | 24068 ||| INVOKING Heroism.
 24082 | Shoals:2 | 24082 ||| INVOKING Heroism.
 24168 | Shoals:2 | 24168 ||| INVOKING Heroism.
 24190 | Shoals:2 | 24190 ||| Stepping ~*~*~tactically~*~*~ (stealth).
 24211 | Shoals:2 | Received a gift from Okawaru
 24227 | Shoals:2 | 24227 ||| Stepping ~*~*~tactically~*~*~ (stealth).
 24568 | Shoals:2 | 24568 ||| INVOKING Heroism.
 24573 | Shoals:2 | 24573 ||| Stepping ~*~*~tactically~*~*~ (hiding).
 24672 | Shoals:2 | 24672 ||| Stepping ~*~*~tactically~*~*~ (stealth).
 24675 | Shoals:2 | 24675 ||| Stepping ~*~*~tactically~*~*~ (stealth).
 24676 | Shoals:2 | 24676 ||| Stepping ~*~*~tactically~*~*~ (stealth).
 24722 | Shoals:2 | 24722 ||| READING scroll of acquirement.
 24722 | Shoals:2 | 24722 ||| ACQUIRING +5 tower shield "Pyapn" {rElec}
 24722 | Shoals:2 | Acquired the +5 tower shield "Pyapn" {rElec}
 24729 | Shoals:2 | 24729 ||| INVOKING Heroism.
 24778 | Shoals:2 | 24778 ||| Stepping ~*~*~tactically~*~*~ (hiding).
 24780 | Shoals:2 | 24780 ||| Stepping ~*~*~tactically~*~*~ (hiding).
 25079 | Shoals:2 | 25079 ||| UPGRADING to +5 tower shield "Pyapn" {rElec}.
 25089 | Shoals:2 | 25089 ||| DROPPING +0 tower shield.
 25090 | Shoals:2 | 25090 ||| DROPPING amulet of magic regeneration.
 25341 | Shoals:3 | 25341 ||| DROPPING +1 flail of protection.
 25389 | Shoals:3 | Received a gift from Okawaru
 25466 | Shoals:3 | Noticed a kraken
 25473 | Shoals:3 | 25473 ||| Stepping ~*~*~tactically~*~*~ (hiding).
 25475 | Shoals:3 | 25475 ||| Stepping ~*~*~tactically~*~*~ (hiding).
 25478 | Shoals:3 | 25478 ||| INVOKING Heroism.
 25490 | Shoals:3 | Killed a kraken
 25817 | Shoals:3 | 25817 ||| INVOKING Heroism.
 25855 | Shoals:3 | 25855 ||| Stepping ~*~*~tactically~*~*~ (stealth).
 25907 | Shoals:3 | 25907 ||| INVOKING Heroism.
 25997 | Shoals:3 | 25997 ||| Stepping ~*~*~tactically~*~*~ (stealth).
 26003 | Shoals:3 | 26003 ||| Stepping ~*~*~tactically~*~*~ (hiding).
 26008 | Shoals:3 | 26008 ||| Stepping ~*~*~tactically~*~*~ (hiding).
 26009 | Shoals:3 | 26009 ||| INVOKING Heroism.
 26017 | Shoals:3 | HP: 23/108 [alligator snapping turtle (29)]
 26018 | Shoals:3 | 26018 ||| READING 8 scrolls of teleportation.
 26019 | Shoals:3 | 26019 ||| DRINKING 3 potions of heal wounds.
 26022 | Shoals:3 | 26022 ||| DRINKING 2 potions of heal wounds.
 26030 | Shoals:3 | HP: 25/108 [merfolk impaler/+2 trident of freezing (10)]
 26031 | Shoals:3 | 26031 ||| READING 7 scrolls of teleportation.
 26032 | Shoals:3 | 26032 ||| DRINKING potion of heal wounds.
 26034 | Shoals:3 | HP: 7/108 [merfolk impaler/+2 demon trident of pain (13)]
 26037 | Shoals:3 | 26037 ||| FLEEEEING.
 26038 | Shoals:3 | 26038 ||| FLEEEEING.
 26039 | Shoals:3 | 26039 ||| FLEEEEING.
 26040 | Shoals:3 | 26040 ||| FLEEEEING.
 26041 | Shoals:3 | 26041 ||| FLEEEEING.
 26042 | Shoals:3 | 26042 ||| READING 6 scrolls of teleportation.
 26048 | Shoals:3 | 26048 ||| FLEEEEING.
 26049 | Shoals:3 | 26049 ||| FLEEEEING.
 26050 | Shoals:3 | 26050 ||| FLEEEEING.
 26051 | Shoals:3 | 26051 ||| FLEEEEING.
 26052 | Shoals:3 | 26052 ||| FLEEEEING.
 26053 | Shoals:3 | 26053 ||| FLEEEEING.
 26054 | Shoals:3 | 26054 ||| FLEEEEING.
 26055 | Shoals:3 | 26055 ||| FLEEEEING.
 26056 | Shoals:3 | 26056 ||| FLEEEEING.
 26057 | Shoals:3 | 26057 ||| STAIRDANCE
 26308 | Shoals:3 | 26308 ||| INVOKING Heroism.
 26375 | Shoals:3 | 26375 ||| FLEEEEING.
 26376 | Shoals:3 | 26376 ||| FLEEEEING.
 26377 | Shoals:3 | 26377 ||| FLEEEEING.
 26378 | Shoals:3 | 26378 ||| INVOKING Heroism.
 26451 | Shoals:3 | 26451 ||| Stepping ~*~*~tactically~*~*~ (hiding).
 26452 | Shoals:3 | 26452 ||| INVOKING Heroism.
 26721 | Shoals:3 | 26721 ||| INVOKING Heroism.
 26760 | Shoals:3 | 26760 ||| PLANNING SNAKE:1-3
 26760 | Shoals:3 | 26760 ||| DROPPING scarf of repulsion.
 26801 | Shoals:3 | 26801 ||| INVOKING Heroism.
 26898 | Snake:1  | Entered Level 1 of the Snake Pit
 26958 | Snake:1  | 26958 ||| FLEEEEING.
 26959 | Snake:1  | 26959 ||| INVOKING Heroism.
 26980 | Snake:1  | 26980 ||| Stepping ~*~*~tactically~*~*~ (hiding).
 26981 | Snake:1  | 26981 ||| Stepping ~*~*~tactically~*~*~ (hiding).
 27051 | Snake:1  | Found Possoxidyo's Mass Market.
 27067 | Snake:1  | 27067 ||| BUYING +10 tower shield of Ignorance {rN+ Int-4}
                  | (573 gold).
 27067 | Snake:1  | Bought the +10 tower shield of Ignorance {rN+ Int-4} for
                  | 573 gold pieces
 27067 | Snake:1  | Found the +10 tower shield of Ignorance {rN+ Int-4}
 27067 | Snake:1  | 27067 ||| SHOPLISTING +7 plate armour "Zumek" {Rampage
                  | *Slow rC- Stlth+} (580 gold, have 331).
 27441 | Snake:1  | Reached skill level 18 in Axes
 27607 | Snake:1  | 27607 ||| Stepping ~*~*~tactically~*~*~ (stealth).
 27608 | Snake:1  | 27608 ||| Stepping ~*~*~tactically~*~*~ (stealth).
 27628 | Snake:1  | 27628 ||| Stepping ~*~*~tactically~*~*~ (hiding).
 27631 | Snake:1  | 27631 ||| Stepping ~*~*~tactically~*~*~ (hiding).
 27636 | Snake:1  | 27636 ||| INVOKING Heroism.
 27679 | Snake:1  | Found the +3 hat of Pondering {ponderous, Will+ MP+10
                  | Int+5}
 28027 | Snake:1  | 28027 ||| DROPPING +0 pair of gloves of dexterity.
 28028 | Snake:1  | 28028 ||| UPGRADING to +10 tower shield of Ignorance {rN+
                  | Int-4}.
 28038 | Snake:1  | 28038 ||| DROPPING +5 tower shield "Pyapn" {rElec}.
 28083 | Snake:2  | 28083 ||| Stepping ~*~*~tactically~*~*~ (stealth).
 28085 | Snake:2  | 28085 ||| Stepping ~*~*~tactically~*~*~ (hiding).
 28087 | Snake:2  | 28087 ||| INVOKING Heroism.
 28263 | Snake:2  | 28263 ||| Stepping ~*~*~tactically~*~*~ (hiding).
 28265 | Snake:2  | 28265 ||| Stepping ~*~*~tactically~*~*~ (hiding).
 28267 | Snake:2  | 28267 ||| INVOKING Heroism.
 28329 | Snake:2  | 28329 ||| INVOKING Heroism.
 28486 | Snake:2  | 28486 ||| INVOKING Heroism.
 28570 | Snake:2  | 28570 ||| INVOKING Heroism.
 28571 | Snake:2  | Noticed Vashnia
 28584 | Snake:2  | Killed Vashnia
 28585 | Snake:2  | Reached XP level 18. HP: 47/115 MP: 25/25
 28595 | Snake:2  | 28595 ||| INVOKING Heroism.
 28821 | Snake:2  | 28821 ||| DROPPING +0 morningstar.
 28822 | Snake:2  | 28822 ||| DROPPING +5 flail of Pandemonium {venom, rPois
                  | rC+ Stlth+}.
 28849 | Snake:2  | 28849 ||| Stepping ~*~*~tactically~*~*~ (hiding).
 28852 | Snake:2  | 28852 ||| Stepping ~*~*~tactically~*~*~ (hiding).
 28997 | Snake:2  | 28997 ||| Stepping ~*~*~tactically~*~*~ (hiding).
 29002 | Snake:2  | 29002 ||| INVOKING Heroism.
 29045 | Snake:2  | 29045 ||| INVOKING Heroism.
 29214 | Snake:2  | 29214 ||| INVOKING Heroism.
 29218 | Snake:2  | Reached skill level 18 in Shields
 29412 | Snake:2  | 29412 ||| DROPPING ring of wizardry.
 29634 | Snake:3  | 29634 ||| Stepping ~*~*~tactically~*~*~ (hiding).
 29639 | Snake:3  | 29639 ||| INVOKING Heroism.
 29687 | Snake:3  | 29687 ||| Stepping ~*~*~tactically~*~*~ (hiding).
 29693 | Snake:3  | 29693 ||| INVOKING Heroism.
 29705 | Snake:3  | 29705 ||| Stepping ~*~*~tactically~*~*~ (hiding).
 29715 | Snake:3  | 29715 ||| Stepping ~*~*~tactically~*~*~ (hiding).
 29724 | Snake:3  | 29724 ||| Stepping ~*~*~tactically~*~*~ (hiding).
 29735 | Snake:3  | 29735 ||| Stepping ~*~*~tactically~*~*~ (hiding).
 29739 | Snake:3  | 29739 ||| INVOKING Heroism.
 29744 | Snake:3  | 29744 ||| Stepping ~*~*~tactically~*~*~ (hiding).
 29752 | Snake:3  | 29752 ||| Stepping ~*~*~tactically~*~*~ (hiding).
 29776 | Snake:3  | 29776 ||| Stepping ~*~*~tactically~*~*~ (hiding).
 29873 | Snake:3  | 29873 ||| Stepping ~*~*~tactically~*~*~ (stealth).
 29884 | Snake:3  | Reached skill level 15 in Fighting
 29907 | Snake:3  | 29907 ||| Stepping ~*~*~tactically~*~*~ (stealth).
 30099 | Snake:3  | 30099 ||| PLANNING SHOALS:4
 30255 | Shoals:4 | Entered Level 4 of the Shoals
 30373 | Shoals:4 | 30373 ||| Stepping ~*~*~tactically~*~*~ (hiding).
 30485 | Shoals:4 | 30485 ||| INVOKING Heroism.
 30602 | Shoals:4 | 30602 ||| INVOKING Heroism.
 30684 | Shoals:4 | 30684 ||| INVOKING Heroism.
 30697 | Shoals:4 | Reached skill level 13 in Armour
 30817 | Shoals:4 | 30817 ||| Stepping ~*~*~tactically~*~*~ (stealth).
 30819 | Shoals:4 | 30819 ||| INVOKING Heroism.
 30820 | Shoals:4 | 30820 ||| INVOKING Finesse.
 30828 | Shoals:4 | 30828 ||| Stepping ~*~*~tactically~*~*~ (hiding).
 30855 | Shoals:4 | Received a gift from Okawaru
 30880 | Shoals:4 | 30880 ||| Stepping ~*~*~tactically~*~*~ (hiding).
 30886 | Shoals:4 | 30886 ||| Stepping ~*~*~tactically~*~*~ (hiding).
 30891 | Shoals:4 | 30891 ||| Stepping ~*~*~tactically~*~*~ (hiding).
 30926 | Shoals:4 | 30926 ||| Stepping ~*~*~tactically~*~*~ (stealth).
 31020 | Shoals:4 | Got a barnacled rune of Zot
 31109 | Shoals:4 | Identified Roxanne's Codex of Transformation
 31109 | Shoals:4 | Noticed Roxanne
 31110 | Shoals:4 | 31110 ||| INVOKING Heroism.
 31136 | Shoals:4 | Killed Roxanne
 31266 | Shoals:4 | Found a runed translucent gate.
 31267 | Shoals:4 | Found a runed translucent gate.
 31268 | Shoals:4 | Found a runed translucent gate.
 31277 | Shoals:4 | Noticed Mara
 31278 | Shoals:4 | 31278 ||| INVOKING Heroism.
 31299 | Shoals:4 | Noticed qw's illusion
 31301 | Shoals:4 | Killed Mara
 31353 | Shoals:4 | 31353 ||| FLEEEEING.
 31356 | Shoals:4 | 31356 ||| FLEEEEING.
 31357 | Shoals:4 | 31357 ||| STAIRDANCE
 31425 | Shoals:3 | 31425 ||| READING scroll labelled IDOSTU SIOF.
 31537 | Shoals:4 | Received a gift from Okawaru
 31540 | Shoals:4 | Noticed Kehicw's ghost (adept HOBr)
 31641 | Shoals:4 | 31641 ||| Stepping ~*~*~tactically~*~*~ (hiding).
 31642 | Shoals:4 | 31642 ||| Stepping ~*~*~tactically~*~*~ (hiding).
 31643 | Shoals:4 | 31643 ||| INVOKING Heroism.
 31644 | Shoals:4 | 31644 ||| Stepping ~*~*~tactically~*~*~ (hiding).
 31905 | Shoals:4 | 31905 ||| Stepping ~*~*~tactically~*~*~ (hiding).
 31914 | Shoals:4 | Received a gift from Okawaru
 31977 | Shoals:4 | 31977 ||| Stepping ~*~*~tactically~*~*~ (hiding).
 31979 | Shoals:4 | 31979 ||| Stepping ~*~*~tactically~*~*~ (hiding).
 31983 | Shoals:4 | 31983 ||| INVOKING Heroism.
 32019 | Shoals:4 | 32019 ||| Stepping ~*~*~tactically~*~*~ (stealth).
 32091 | Shoals:4 | Reached XP level 19. HP: 124/124 MP: 26/26
 32164 | Shoals:4 | Identified the +0 pair of boots of Illoucut {Regen+ Str+3
                  | Dex+2 Slay+3}
 32410 | Shoals:4 | 32410 ||| PLANNING VAULTS:1-4
 32410 | Shoals:4 | 32410 ||| UPGRADING to +0 pair of boots of Illoucut {Regen+
                  | Str+3 Dex+2 Slay+3}.
 32420 | Shoals:4 | 32420 ||| DROPPING +2 pair of boots.
 32583 | Vaults:1 | Entered Level 1 of the Vaults
 32592 | Vaults:1 | 32592 ||| Stepping ~*~*~tactically~*~*~ (stealth).
 32613 | Vaults:1 | Received a gift from Okawaru
 32788 | Vaults:1 | Identified the staff of death "Muahef" {rElec rN+ Will+}
 32870 | Vaults:1 | 32870 ||| READING scroll of acquirement.
 32870 | Vaults:1 | 32870 ||| ACQUIRING ring "Teziost" {rPois rF+ Str+6}
 32870 | Vaults:1 | Acquired the ring "Teziost" {rPois rF+ Str+6}
 32872 | Vaults:1 | 32872 ||| DROPPING ring of fire.
 33042 | Vaults:1 | Identified the +9 arbalest "Dikkao" {heavy, rF+ MP+9 Dex-5}
 33322 | Vaults:1 | Received a gift from Okawaru
 33614 | Vaults:1 | 33614 ||| DROPPING ring of positive energy.
 33615 | Vaults:1 | 33615 ||| DROPPING ring of willpower.
 33616 | Vaults:1 | 33616 ||| UPGRADING to ring "Teziost" {rPois rF+ Str+6}.
 33679 | Vaults:2 | Received a gift from Okawaru
 33817 | Vaults:2 | 33817 ||| Stepping ~*~*~tactically~*~*~ (hiding).
 33825 | Vaults:2 | 33825 ||| INVOKING Heroism.
 33826 | Vaults:2 | 33826 ||| INVOKING Finesse.
 33828 | Vaults:2 | Reached skill level 6 in Dodging
 33829 | Vaults:2 | 33829 ||| Stepping ~*~*~tactically~*~*~ (hiding).
 33831 | Vaults:2 | 33831 ||| Stepping ~*~*~tactically~*~*~ (hiding).
 33846 | Vaults:2 | 33846 ||| Stepping ~*~*~tactically~*~*~ (hiding).
 33849 | Vaults:2 | 33849 ||| Stepping ~*~*~tactically~*~*~ (hiding).
 33954 | Vaults:2 | 33954 ||| Stepping ~*~*~tactically~*~*~ (hiding).
 33956 | Vaults:2 | 33956 ||| Stepping ~*~*~tactically~*~*~ (hiding).
 33966 | Vaults:2 | Received a gift from Okawaru
 33984 | Vaults:2 | 33984 ||| INVOKING Heroism.
 33990 | Vaults:2 | Reached skill level 14 in Armour
 34192 | Vaults:2 | 34192 ||| Stepping ~*~*~tactically~*~*~ (stealth).
 34199 | Vaults:2 | Received a gift from Okawaru
 34200 | Vaults:2 | Reached skill level 9 in Throwing
 34272 | Vaults:2 | 34272 ||| DROPPING +4 broad axe of freezing.
 34273 | Vaults:2 | Identified the +4 spear "Orb Guardian's Doom" {speed, rF++
                  | rC+}
 34312 | Vaults:2 | 34312 ||| Stepping ~*~*~tactically~*~*~ (stealth).
 34314 | Vaults:2 | 34314 ||| Stepping ~*~*~tactically~*~*~ (hiding).
 34316 | Vaults:2 | 34316 ||| Stepping ~*~*~tactically~*~*~ (hiding).
 34442 | Vaults:2 | 34442 ||| INVOKING Heroism.
 34443 | Vaults:2 | 34443 ||| INVOKING Finesse.
 34450 | Vaults:2 | 34450 ||| Stepping ~*~*~tactically~*~*~ (stealth).
 34467 | Vaults:2 | 34467 ||| Stepping ~*~*~tactically~*~*~ (stealth).
 34471 | Vaults:2 | 34471 ||| Stepping ~*~*~tactically~*~*~ (stealth).
 34473 | Vaults:2 | 34473 ||| Stepping ~*~*~tactically~*~*~ (stealth).
 34475 | Vaults:2 | 34475 ||| Stepping ~*~*~tactically~*~*~ (stealth).
 34485 | Vaults:2 | 34485 ||| Stepping ~*~*~tactically~*~*~ (stealth).
 34501 | Vaults:2 | 34501 ||| Stepping ~*~*~tactically~*~*~ (hiding).
 34518 | Vaults:2 | Received a gift from Okawaru
 34526 | Vaults:2 | 34526 ||| READING scroll of acquirement.
 34526 | Vaults:2 | 34526 ||| ACQUIRING +1 crystal plate armour "Latywicy"
                  | {rF+}
 34526 | Vaults:2 | Acquired the +1 crystal plate armour "Latywicy" {rF+}
 34554 | Vaults:2 | 34554 ||| Stepping ~*~*~tactically~*~*~ (hiding).
 34555 | Vaults:2 | 34555 ||| Stepping ~*~*~tactically~*~*~ (hiding).
 34586 | Vaults:2 | 34586 ||| UPGRADING to +1 crystal plate armour "Latywicy"
                  | {rF+}.
 34596 | Vaults:2 | 34596 ||| DROPPING +1 pearl dragon scales.
 34597 | Vaults:2 | 34597 ||| DROPPING +8 chain mail of ponderousness.
 34598 | Vaults:2 | 34598 ||| DROPPING +4 chain mail of fire resistance.
 34639 | Vaults:2 | 34639 ||| INVOKING Finesse.
 34683 | Vaults:2 | 34683 ||| Stepping ~*~*~tactically~*~*~ (stealth).
 34685 | Vaults:2 | 34685 ||| Stepping ~*~*~tactically~*~*~ (hiding).
 34686 | Vaults:2 | 34686 ||| Stepping ~*~*~tactically~*~*~ (hiding).
 34726 | Vaults:2 | 34726 ||| Stepping ~*~*~tactically~*~*~ (stealth).
 34749 | Vaults:2 | Received a gift from Okawaru
 35060 | Vaults:3 | 35060 ||| READING scroll of enchant armour.
 35060 | Vaults:3 | 35060 ||| ENCHANTING +1 helmet.
 35163 | Vaults:3 | 35163 ||| Stepping ~*~*~tactically~*~*~ (hiding).
 35178 | Vaults:3 | 35178 ||| INVOKING Heroism.
 35179 | Vaults:3 | 35179 ||| INVOKING Finesse.
 35308 | Vaults:3 | 35308 ||| Stepping ~*~*~tactically~*~*~ (hiding).
 35310 | Vaults:3 | 35310 ||| Stepping ~*~*~tactically~*~*~ (hiding).
 35311 | Vaults:3 | 35311 ||| Stepping ~*~*~tactically~*~*~ (hiding).
 35330 | Vaults:3 | Reached skill level 15 in Armour
 35330 | Vaults:3 | Reached XP level 20. HP: 124/134 MP: 27/27
 35421 | Vaults:3 | Found Baammuf's Antique Weapon Emporium.
 35477 | Vaults:3 | 35477 ||| Stepping ~*~*~tactically~*~*~ (hiding).
 35527 | Vaults:3 | 35527 ||| Stepping ~*~*~tactically~*~*~ (hiding).
 35528 | Vaults:3 | 35528 ||| Stepping ~*~*~tactically~*~*~ (hiding).
 35673 | Vaults:3 | 35673 ||| Stepping ~*~*~tactically~*~*~ (hiding).
 35731 | Vaults:3 | Reached skill level 16 in Armour
 35746 | Vaults:3 | 35746 ||| Stepping ~*~*~tactically~*~*~ (stealth).
 35747 | Vaults:3 | 35747 ||| Stepping ~*~*~tactically~*~*~ (stealth).
 35748 | Vaults:3 | 35748 ||| Stepping ~*~*~tactically~*~*~ (stealth).
 35751 | Vaults:3 | 35751 ||| INVOKING Heroism.
 35752 | Vaults:3 | 35752 ||| Stepping ~*~*~tactically~*~*~ (stealth).
 35753 | Vaults:3 | 35753 ||| INVOKING Finesse.
 35770 | Vaults:3 | Received a gift from Okawaru
 35823 | Vaults:3 | Noticed Xtahua
 35837 | Vaults:3 | Killed Xtahua
 35995 | Vaults:3 | 35995 ||| Stepping ~*~*~tactically~*~*~ (hiding).
 35996 | Vaults:3 | 35996 ||| Stepping ~*~*~tactically~*~*~ (hiding).
 36172 | Vaults:3 | Found a staircase to the Crypt.
 36237 | Vaults:3 | Reached ****** piety under Okawaru
 36238 | Vaults:3 | Reached skill level 17 in Armour
 36460 | Vaults:4 | 36460 ||| Stepping ~*~*~tactically~*~*~ (hiding).
 36461 | Vaults:4 | 36461 ||| Stepping ~*~*~tactically~*~*~ (hiding).
 36501 | Vaults:4 | Identified the +3 kite shield of the New World {rF- MP+9
                  | Str+6} (Okawaru gifted it to you on level 4 of the Vaults)
 36501 | Vaults:4 | Received a gift from Okawaru
 36529 | Vaults:4 | 36529 ||| INVOKING Heroism.
 36547 | Vaults:4 | Found Siw Kunou's General Store.
 36654 | Vaults:4 | 36654 ||| Stepping ~*~*~tactically~*~*~ (hiding).
 36655 | Vaults:4 | 36655 ||| Stepping ~*~*~tactically~*~*~ (hiding).
 36657 | Vaults:4 | 36657 ||| Stepping ~*~*~tactically~*~*~ (hiding).
 36663 | Vaults:4 | Reached skill level 18 in Armour
 36815 | Vaults:4 | 36815 ||| Stepping ~*~*~tactically~*~*~ (stealth).
 36986 | Vaults:4 | Identified the +1 dagger "Igozacwu" {vamp, rC+ rCorr Int+2
                  | Dex+4}
 37154 | Vaults:4 | 37154 ||| FLEEEEING.
 37155 | Vaults:4 | 37155 ||| FLEEEEING.
 37156 | Vaults:4 | 37156 ||| FLEEEEING.
 37157 | Vaults:4 | 37157 ||| FLEEEEING.
 37158 | Vaults:4 | 37158 ||| FLEEEEING.
 37161 | Vaults:4 | 37161 ||| FLEEEEING.
 37162 | Vaults:4 | 37162 ||| FLEEEEING.
 37163 | Vaults:4 | 37163 ||| FLEEEEING.
 37164 | Vaults:4 | 37164 ||| FLEEEEING.
 37165 | Vaults:4 | 37165 ||| FLEEEEING.
 37166 | Vaults:4 | 37166 ||| FLEEEEING.
 37167 | Vaults:4 | 37167 ||| FLEEEEING.
 37168 | Vaults:4 | 37168 ||| FLEEEEING.
 37169 | Vaults:4 | 37169 ||| FLEEEEING.
 37180 | Vaults:4 | 37180 ||| FLEEEEING.
 37181 | Vaults:4 | 37181 ||| Stepping ~*~*~tactically~*~*~ (hiding).
 37182 | Vaults:4 | 37182 ||| Stepping ~*~*~tactically~*~*~ (hiding).
 37183 | Vaults:4 | 37183 ||| Stepping ~*~*~tactically~*~*~ (hiding).
 37184 | Vaults:4 | 37184 ||| Stepping ~*~*~tactically~*~*~ (hiding).
 37312 | Vaults:4 | 37312 ||| Stepping ~*~*~tactically~*~*~ (hiding).
 37319 | Vaults:4 | 37319 ||| INVOKING Heroism.
 37374 | Vaults:4 | Reached skill level 19 in Armour
 37393 | Vaults:4 | 37393 ||| Stepping ~*~*~tactically~*~*~ (stealth).
 37395 | Vaults:4 | 37395 ||| Stepping ~*~*~tactically~*~*~ (hiding).
 37396 | Vaults:4 | 37396 ||| Stepping ~*~*~tactically~*~*~ (hiding).
 37398 | Vaults:4 | 37398 ||| Stepping ~*~*~tactically~*~*~ (hiding).
 37405 | Vaults:4 | 37405 ||| INVOKING Heroism.
 37470 | Vaults:4 | 37470 ||| Stepping ~*~*~tactically~*~*~ (stealth).
 37472 | Vaults:4 | 37472 ||| Stepping ~*~*~tactically~*~*~ (stealth).
 37606 | Vaults:4 | 37606 ||| Stepping ~*~*~tactically~*~*~ (stealth).
 37607 | Vaults:4 | 37607 ||| Stepping ~*~*~tactically~*~*~ (stealth).
 37623 | Vaults:4 | Reached XP level 21. HP: 139/139 MP: 28/28
 37708 | Vaults:4 | 37708 ||| Stepping ~*~*~tactically~*~*~ (hiding).
 37710 | Vaults:4 | 37710 ||| Stepping ~*~*~tactically~*~*~ (hiding).
 37849 | Vaults:4 | 37849 ||| PLANNING SNAKE:4
 37849 | Vaults:4 | 37849 ||| DROPPING +0 pair of gloves of dexterity.
 38154 | Snake:3  | 38154 ||| Stepping ~*~*~tactically~*~*~ (hiding).
 38173 | Snake:4  | Entered Level 4 of the Snake Pit
 38243 | Snake:4  | Found a glowing silver altar of Zin.
 38344 | Snake:4  | Identified the +4 plate armour of Purpose {-Cast rElec
                  | rPois} (Okawaru gifted it to you on level 4 of the Snake
                  | Pit)
 38344 | Snake:4  | Received a gift from Okawaru
 38488 | Snake:4  | 38488 ||| Stepping ~*~*~tactically~*~*~ (hiding).
 38497 | Snake:4  | 38497 ||| Stepping ~*~*~tactically~*~*~ (hiding).
 38499 | Snake:4  | 38499 ||| Stepping ~*~*~tactically~*~*~ (hiding).
 38597 | Snake:4  | 38597 ||| Stepping ~*~*~tactically~*~*~ (hiding).
 38622 | Snake:4  | 38622 ||| INVOKING Heroism.
 38633 | Snake:4  | Reached skill level 18 in Fighting
 38673 | Snake:4  | 38673 ||| INVOKING Heroism.
 38803 | Snake:4  | Got a serpentine rune of Zot
 38820 | Snake:4  | 38820 ||| Stepping ~*~*~tactically~*~*~ (hiding).
 39155 | Snake:4  | 39155 ||| Stepping ~*~*~tactically~*~*~ (stealth).
 39289 | Snake:4  | 39289 ||| PLANNING DEPTHS
 39289 | Snake:4  | 39289 ||| DROPPING +4 plate armour of Purpose {-Cast rElec
                  | rPois}.
 39290 | Snake:4  | 39290 ||| DROPPING +2 helmet of intelligence.
 39551 | Depths:1 | Entered Level 1 of the Depths
 39611 | Depths:1 | 39611 ||| Stepping ~*~*~tactically~*~*~ (hiding).
 39630 | Depths:1 | 39630 ||| INVOKING Heroism.
 39635 | Depths:1 | Reached skill level 20 in Armour
 39657 | Depths:1 | 39657 ||| Stepping ~*~*~tactically~*~*~ (hiding).
 39658 | Depths:1 | 39658 ||| FLEEEEING.
 39659 | Depths:1 | 39659 ||| Stepping ~*~*~tactically~*~*~ (hiding).
 39660 | Depths:1 | 39660 ||| FLEEEEING.
 39661 | Depths:1 | 39661 ||| INVOKING Finesse.
 39728 | Depths:1 | Found a one-way gateway to a ziggurat.
 39737 | Depths:1 | Found a stormy altar of Qazlal.
 39764 | Depths:1 | Found Yrchidiapn's General Store.
 39780 | Depths:1 | Found a gateway to Hell.
 39790 | Depths:1 | 39790 ||| Stepping ~*~*~tactically~*~*~ (hiding).
 39975 | Depths:1 | 39975 ||| Stepping ~*~*~tactically~*~*~ (stealth).
 39978 | Depths:1 | 39978 ||| Stepping ~*~*~tactically~*~*~ (stealth).
 40038 | Depths:1 | 40038 ||| Stepping ~*~*~tactically~*~*~ (stealth).
 40040 | Depths:1 | 40040 ||| Stepping ~*~*~tactically~*~*~ (stealth).
 40049 | Depths:1 | 40049 ||| Stepping ~*~*~tactically~*~*~ (stealth).
 40050 | Depths:1 | 40050 ||| INVOKING Heroism.
 40060 | Depths:1 | Received a gift from Okawaru
 40290 | Depths:1 | Found Jiedgh's Fire Supplies.
 40298 | Depths:1 | 40298 ||| BUYING +0 helmet of fire resistance (207 gold).
 40298 | Depths:1 | Bought a +0 helmet of fire resistance for 207 gold pieces
 40298 | Depths:1 | 40298 ||| BUYING ring of protection from fire (450 gold).
 40298 | Depths:1 | Bought a ring of protection from fire for 450 gold pieces
 40403 | Depths:1 | 40403 ||| Stepping ~*~*~tactically~*~*~ (hiding).
 40459 | Depths:1 | Noticed Saint Roka
 40469 | Depths:1 | 40469 ||| INVOKING Heroism.
 40481 | Depths:1 | HP: 34/141 [Saint Roka/divine providence (14)]
 40482 | Depths:1 | 40482 ||| READING 9 scrolls of teleportation.
 40483 | Depths:1 | 40483 ||| DRINKING 3 potions of heal wounds.
 40617 | Depths:1 | 40617 ||| Stepping ~*~*~tactically~*~*~ (hiding).
 40635 | Depths:1 | Killed Saint Roka
 40718 | Depths:1 | 40718 ||| DROPPING ring "Igroch" {Fire rElec}.
 40738 | Depths:2 | 40738 ||| Stepping ~*~*~tactically~*~*~ (stealth).
 40739 | Depths:2 | 40739 ||| Stepping ~*~*~tactically~*~*~ (stealth).
 40741 | Depths:2 | 40741 ||| Stepping ~*~*~tactically~*~*~ (hiding).
 40742 | Depths:2 | 40742 ||| Stepping ~*~*~tactically~*~*~ (hiding).
 40743 | Depths:2 | 40743 ||| Stepping ~*~*~tactically~*~*~ (hiding).
 40763 | Depths:2 | 40763 ||| Stepping ~*~*~tactically~*~*~ (hiding).
 40764 | Depths:2 | 40764 ||| Stepping ~*~*~tactically~*~*~ (hiding).
 40877 | Depths:1 | Identified the +4 quarterstaff of Ythraos {speed, rC+}
 40912 | Depths:2 | 40912 ||| Stepping ~*~*~tactically~*~*~ (hiding).
 40914 | Depths:2 | 40914 ||| Stepping ~*~*~tactically~*~*~ (hiding).
 40933 | Depths:2 | 40933 ||| Stepping ~*~*~tactically~*~*~ (hiding).
 40935 | Depths:2 | 40935 ||| INVOKING Finesse.
 40978 | Depths:2 | 40978 ||| Stepping ~*~*~tactically~*~*~ (hiding).
 40980 | Depths:2 | 40980 ||| Stepping ~*~*~tactically~*~*~ (hiding).
 40981 | Depths:2 | 40981 ||| Stepping ~*~*~tactically~*~*~ (hiding).
 40982 | Depths:2 | 40982 ||| Stepping ~*~*~tactically~*~*~ (hiding).
 41108 | Depths:2 | 41108 ||| INVOKING Heroism.
 41115 | Depths:2 | Reached skill level 21 in Armour
 41125 | Depths:2 | 41125 ||| Stepping ~*~*~tactically~*~*~ (stealth).
 41126 | Depths:2 | 41126 ||| Stepping ~*~*~tactically~*~*~ (hiding).
 41128 | Depths:2 | 41128 ||| Stepping ~*~*~tactically~*~*~ (hiding).
 41129 | Depths:2 | 41129 ||| Stepping ~*~*~tactically~*~*~ (hiding).
 41130 | Depths:2 | 41130 ||| Stepping ~*~*~tactically~*~*~ (hiding).
 41136 | Depths:2 | Reached XP level 22. HP: 80/147 MP: 29/29
 41138 | Depths:2 | Received a gift from Okawaru
 41139 | Depths:2 | 41139 ||| Stepping ~*~*~tactically~*~*~ (hiding).
 41148 | Depths:2 | 41148 ||| Stepping ~*~*~tactically~*~*~ (stealth).
 41151 | Depths:2 | 41151 ||| Stepping ~*~*~tactically~*~*~ (hiding).
 41156 | Depths:2 | 41156 ||| INVOKING Heroism.
 41290 | Depths:2 | 41290 ||| INVOKING Heroism.
 41319 | Depths:2 | Identified the +8 hand axe "Huiroteh" {chaos, Will+ MP-9
                  | Int+4} (Okawaru gifted it to you on level 2 of the Depths)
 41319 | Depths:2 | Received a gift from Okawaru
 41348 | Depths:2 | Noticed a caustic shrike
 41349 | Depths:2 | 41349 ||| INVOKING Finesse.
 41351 | Depths:2 | 41351 ||| INVOKING Heroism.
 41367 | Depths:2 | Killed a caustic shrike
 41367 | Depths:2 | Noticed an ancient lich
 41384 | Depths:2 | Identified the ring of Joobeom {rElec rPois rF+ Int+3}
 41396 | Depths:2 | Killed an ancient lich
 41426 | Depths:2 | 41426 ||| INVOKING Finesse.
 41426 | Depths:2 | Identified the amulet of the Magpie {Acrobat rPois rC-
                  | Regen+ SInv}
 41485 | Depths:2 | Found a one-way gate to the infinite horrors of the Abyss.
 41502 | Depths:2 | Found a one-way gate leading to the halls of Pandemonium.
 41618 | Depths:2 | 41618 ||| INVOKING Finesse.
 41623 | Depths:2 | 41623 ||| INVOKING Heroism.
 41623 | Depths:2 | Noticed an ancient lich
 41630 | Depths:2 | 41630 ||| DRINKING 3 potions of cancellation.
 41657 | Depths:2 | 41657 ||| READING 8 scrolls of teleportation.
 41660 | Depths:2 | HP: 32/149 [ancient lich/crystal spear (29)]
 41661 | Depths:2 | 41661 ||| DRINKING 3 potions of heal wounds.
 41789 | Depths:2 | Received a gift from Okawaru
 41799 | Depths:2 | 41799 ||| READING scroll of acquirement.
 41799 | Depths:2 | 41799 ||| ACQUIRING 822 gold pieces
 41799 | Depths:2 | Acquired 822 gold pieces
 41912 | Depths:2 | 41912 ||| READING scroll of brand weapon.
 41912 | Depths:2 | 41912 ||| BRANDING +9 broad axe of protection.
 41913 | Depths:2 | Identified a ring "Ugeem" {rElec rC++ rCorr MP-9 Stlth-}
 42024 | Depths:2 | Noticed a golden dragon
 42025 | Depths:2 | 42025 ||| INVOKING Heroism.
 42026 | Depths:2 | 42026 ||| INVOKING Finesse.
 42037 | Depths:2 | Killed a golden dragon
 42038 | Depths:2 | 42038 ||| Stepping ~*~*~tactically~*~*~ (hiding).
 42052 | Depths:2 | 42052 ||| Stepping ~*~*~tactically~*~*~ (hiding).
 42113 | Depths:2 | 42113 ||| INVOKING Heroism.
 42121 | Depths:2 | HP: 32/149 [ancient lich/bolt of acid (63)]
 42122 | Depths:2 | 42122 ||| READING 9 scrolls of teleportation.
 42122 | Depths:2 | Killed from afar by an ancient lich

Levels and vault maps discovered:
D:1:      roderic_chinese_lattice_arrival, layout_basic
D:2:      layout_basic, basic_altar, minmay_misc_feat_rows
D:3:      layout_loops_corners, amcnicky_altar_gilded, minmay_crystal_room
D:4:      minmay_wonky_spiral, layout_basic, serial_shops, shop,
          nicolae_shop_firing_range
D:5:      layout_basic, mainiacjoe_overflow_boulevard, st_stairs_5, hex_large,
          uniq_crazy_yiuf_cottage, uniq_duvessa, uniq_edmund
D:6:      layout_loops_ring, mainiacjoe_overflow_catch_the_wave,
          kennysheep_big_empty_room, nicolae_fountain_basement
D:7:      layout_loops_ring, minmay_temple_entry_enclosed_plants, serial_shops,
          nicolae_shop_hallway_plus
D:8:      layout_gridville, nicolae_ossuary_entry_monument, kennysheep_dice,
          uniq_prince_ribbit1
D:9:      layout_basic, grunt_potential
D:10:     layout_roguey, grunt_temple_overflow_open
D:11:     layout_roguey, grunt_lair_entry_orc_guard_hut
D:12:     layout_rooms, minmay_orc_entry_guard_dogs, kennysheep_nub,
          grunt_ogre_cave
D:13:     layout_rooms, lightli_vaults_fourway_checkpoint, serial_shops,
          statue_bzr, special_room [special_room_bee],
          portal_ice_cave_entry_ice_simulacra, minmay_misc_feat_roman,
          uniq_jorgrun, uniq_snorg, uniq_kirke
D:14:     layout_cave_pools, serial_shops, shop_scrolls, shop, shop,
          nicolae_shop_getting_attention, infiniplex_staircase_hallway_doors,
          tgw_xom
D:15:     hangedman_depths_entry_civil_slaughter, layout_basic,
          serial_bayou_pond_a, nicolae_twisting_strands
Temple:   jpeg_temple_clearing
Lair:1:   layout_big_grid, dreamdust_wasp_nest, grunt_megastairs_3,
          lemuel_fruit_fields, uniq_harold
Lair:2:   layout_misc_corridors, elwin_shoals_entry_stream,
          gauntlet_entry_generic, uniq_urug, uniq_fannar, uniq_erica
Lair:3:   layout_gridlike, guppyfry_snake_entry_garden,
          gammafunk_ghost_necromancy, lemuel_oklob_altar
Lair:4:   layout_roguey, minmay_slime_entry_oklob_open, fungi_pond_lemuel,
          infiniplex_staircase_pool, grunt_megastairs_2
Lair:5:   hangedman_lair_caniforms_friends, layout_concentric_octagons,
          guppyfry_lair_end_dragon, st_stairs_11
Shoals:1: layout_shoals
Shoals:2: layout_shoals, uniq_aizul, uniq_mlioglotl
Shoals:3: cheibrodos_shoals_epimethial_gifts, layout_shoals
Shoals:4: shoals_end_hangedman, layout_shoals, ebering_ghost_rock_garden,
          uniq_roxanne, uniq_mara
Snake:1:  layout_onion_interference, minmay_shop_mass, st_stairs_5,
          abandoned_shop
Snake:2:  nicolae_snake_unarmed_stairs_patrol, layout_gridlike,
          serial_bayou_shore_b, uniq_vashnia
Snake:3:  layout_rooms, grunt_ministairs_13, drop_trap
Snake:4:  johnstein_snake_rune_scales, layout_cave_town, basic_altar
Orc:1:    layout_diamond_mine
Orc:2:    st_orc_open, layout_diamond_mine
Vaults:1: v_pattern_4, vaults_room_pool, nicolae_vaults_murder_corner,
          hangedman_vaults_capsules, nicolae_vaults_diagonal_hallway_6,
          vaults_room_stairs_pillars, nicolae_vaults_trapezoid_1,
          nicolae_vaults_two_Ls, layout_vaults_omnigrid
Vaults:2: nicolae_vaults_trapezoid_3, v_rooms_6,
          nicolae_vaults_heart-shaped_vault, ontoclasm_vaults_decontamination,
          nicolae_vaults_trapezoid_lopsided_3, nicolae_vaults_mush_room,
          nicolae_vaults_sightless_eye, nicolae_vaults_theta,
          hangedman_vaults_unwind, grunt_vaults_funnel,
          nicolae_vaults_trapezoid_lopsided_2, hangedman_vaults_hat,
          layout_vaults_omnibox
Vaults:3: minmay_crypt_entry_simple_statues, vaults_standard_mumra_x,
          hangedman_vaults_pinch, nicolae_vaults_windows_and_doors_thing,
          vaults_dpeg_hooks, ontoclasm_vaults_ring_small,
          vaults_room_semicircle, nicolae_vaults_statue_guard,
          nicolae_vaults_double_plus_1, vaults_room_octagon,
          nicolae_vaults_closet_pinwheel_4, v_pattern_5, layout_vaults_ring,
          serial_shops, shop, uniq_xtahua
Vaults:4: vaults_mumra_minichess, nicolae_vaults_lightning_bolt,
          nicolae_vaults_antechamber_and_loot_room,
          vaults_mumra_minichess_inversion, nicolae_vaults_network_s, v_misc_14,
          nicolae_vaults_border_crossing, v_alt_pattern_6, vaults_room_pool,
          layout_vaults_big_room, serial_shops, nicolae_shop_hallway_stairs
Depths:1: layout_honeycomb, enter_ziggurat_b, hell_entry, serial_shops, shop,
          minmay_misc_feat_diagonals, grunt_ministairs_1, st_stairs_3,
          nicolae_shop_fire_sale [nicolae_sub_dead_trees],
          nicolae_qazlal_general_emergency, firewood_loft, uniq_saint_roka
Depths:2: hangedman_pleasuredromes, abyss_entry, serial_shops, pan_entry,
          hell_entry

Skill      XL: |  1  2  3  4  5  6  7  8  9 10 11 12 13 14 15 16 17 18 19 20 21 22 |
---------------+-------------------------------------------------------------------+-----
Axes           | 2 3 5 6 7 9 10 11 12 14 16 17 18 | 18.0
Fighting       | 4 5 6 8 9 10 11 12 13 15 17 18 19 | 19.0
Dodging        | 1 3 4 6 |  6.0
Throwing       | 1 2 4 6 7 8 9 10 11 | 11.0
Armour         | 4 5 8 9 10 11 12 13 15 19 21 | 21.7
Shields        | 4 5 6 7 9 15 17 18 19 20 | 20.2
Invocations    | 2 4 7 10 | 10.0

Action                     |  1- 3 |  4- 6 |  7- 9 | 10-12 | 13-15 | 16-18 | 19-21 | 22-24 || total
---------------------------+-------+-------+-------+-------+-------+-------+-------+-------++-------
  Melee: War axe           |    83 |   179 |   400 |    66 |       |       |       |       ||   728
         Broad axe         |       |       |       |   457 |   858 |  1499 |  1238 |   253 ||  4305
         Flail             |       |       |       |     8 |    60 |       |       |       ||    68
  Throw: Boomerang         |       |       |    26 |       |     5 |    20 |    21 |       ||    72
         Javelin           |       |       |       |    24 |   152 |    99 |   120 |    13 ||   408
 Invoke: Heroism           |       |       |       |     9 |    36 |    52 |    14 |     6 ||   117
         Finesse           |       |       |       |       |     2 |     2 |     7 |     4 ||    15
    Use: Scroll            |     4 |     4 |     4 |    15 |     7 |     6 |     4 |     4 ||    48
         Potion            |       |       |     2 |     9 |     4 |     4 |     1 |     2 ||    22
   Stab: Confused          |       |       |       |       |     1 |       |       |       ||     1
 Armour: Scale mail        |    59 |   106 |   105 |       |       |       |       |       ||   270
         Chain mail        |       |       |   128 |       |       |       |       |       ||   128
         Plate armour      |       |       |    10 |   449 |   771 |     7 |       |       ||  1237
         Pearl dragon scal |       |       |       |       |       |   561 |   114 |       ||   675
         Crystal plate arm |       |       |       |       |       |       |   297 |    80 ||   377
  Dodge: Dodged            |    37 |   103 |   146 |   197 |   349 |   282 |   176 |    48 ||  1338
  Block: Buckler           |    18 |    42 |    71 |   117 |   229 |       |       |       ||   477
         Kite shield       |       |       |       |       |    23 |    66 |       |       ||    89
         Tower shield      |       |       |       |       |       |  1351 |  1253 |   281 ||  2885

Table legend:
 A = Non-vault XP
 B = Vault XP
 C = Vault XP percentage of total XP
 D = Non-vault monster count
 E = Vault monster count
 F = Vault count percentage of total count
                 A         B        C        D         E       F
            +---------+---------+-------+---------+---------+-------
      Total |  331657 |  334485 |  50.2 |     941 |     585 |  38.3
            +---------+---------+-------+---------+---------+-------
        D:1 |      34 |       0 |   0.0 |      15 |       0 |   0.0
        D:2 |      76 |       0 |   0.0 |      31 |       0 |   0.0
        D:3 |     285 |       0 |   0.0 |      22 |       0 |   0.0
        D:4 |     570 |       6 |   1.0 |      26 |       4 |  13.3
        D:5 |     632 |     716 |  53.1 |      18 |       7 |  28.0
        D:6 |    1068 |       0 |   0.0 |      19 |       0 |   0.0
        D:7 |    1193 |     277 |  18.8 |      33 |       1 |   2.9
        D:8 |    1241 |     100 |   7.5 |      29 |       2 |   6.5
        D:9 |    3148 |    4536 |  59.0 |      26 |      17 |  39.5
       D:10 |    2862 |       0 |   0.0 |      20 |       0 |   0.0
       D:11 |    3173 |     433 |  12.0 |      15 |       4 |  21.1
       D:12 |    7261 |    1315 |  15.3 |      29 |       4 |  12.1
       D:13 |    5018 |   15865 |  76.0 |      15 |      53 |  77.9
       D:14 |    7498 |    1024 |  12.0 |      14 |       5 |  26.3
       D:15 |    8958 |    3810 |  29.8 |      27 |       6 |  18.2
     Lair:1 |    6238 |    1924 |  23.6 |      27 |       5 |  15.6
     Lair:2 |    4126 |    4093 |  49.8 |      13 |       7 |  35.0
     Lair:3 |   12774 |     916 |   6.7 |      41 |       3 |   6.8
     Lair:4 |    4750 |    4426 |  48.2 |      12 |       8 |  40.0
     Lair:5 |   14808 |   13970 |  48.5 |      30 |      71 |  70.3
   Shoals:1 |   10538 |       0 |   0.0 |      22 |       0 |   0.0
   Shoals:2 |   13671 |    2852 |  17.3 |      28 |       2 |   6.7
   Shoals:3 |   18966 |    8042 |  29.8 |      35 |      12 |  25.5
   Shoals:4 |   14998 |   26734 |  64.1 |      32 |      35 |  52.2
    Snake:1 |   11207 |    1300 |  10.4 |      21 |       2 |   8.7
    Snake:2 |   14609 |   10304 |  41.4 |      25 |      12 |  32.4
    Snake:3 |   18156 |    1380 |   7.1 |      36 |       2 |   5.3
    Snake:4 |   19228 |   20978 |  52.2 |      33 |      39 |  54.2
      Orc:1 |    6469 |       0 |   0.0 |      46 |       0 |   0.0
      Orc:2 |    2295 |   14786 |  86.6 |      32 |      37 |  53.6
   Vaults:1 |    7885 |   12775 |  61.8 |      16 |      16 |  50.0
   Vaults:2 |   16499 |   33628 |  67.1 |      28 |      39 |  58.2
   Vaults:3 |   30664 |   19821 |  39.3 |      42 |      23 |  35.4
   Vaults:4 |   30134 |   28046 |  48.2 |      44 |      34 |  43.6
   Depths:1 |   30625 |   10825 |  26.1 |      39 |      18 |  31.6
   Depths:2 |       0 |   84922 | 100.0 |       0 |      90 | 100.0
    Ossuary |       0 |     150 | 100.0 |       0 |      16 | 100.0
   Gauntlet |       0 |    4531 | 100.0 |       0 |      11 | 100.0
            +---------+---------+-------+---------+---------+-------
